 Dungeon Crawl Stone Soup version 0.20-a0-435-ga4f17a0 (webtiles) character file.

719477 Implojin the Warrior (level 27, 0/224 HPs)
             Began as a Mummy Chaos Knight on Jan 19, 2017.
             Slain by an Orb Guardian (21 damage)
             ... on level 5 of the Realm of Zot.
             The game lasted 06:37:30 (85952 turns).

Implojin the Warrior (Mummy Chaos Knight)          Turns: 85952, Time: 06:37:32

Health: 0/224      AC: 33    Str: 30 (32) XL:     27
Magic:  11/11      EV: 24    Int: 15 (16) God:    Xom [..*...]
Gold:   8343       SH: 26    Dex: 23      Spells: 13/40 levels left

rFire  + + +     SeeInvis .     b - +4 broad axe (antimagic)
rCold  + . .     Gourm    .     O - +6 fire dragon scales of Recklessness {rF++ rC- MR+ Str+4 Int+3 Slay+3, nice}
rNeg   + + +     Faith    .     y - +2 large shield
rPois  ∞         Spirit   .     J - +2 helmet of Life {Str+3 Dex+4}
rElec  +         Reflect  .     N - +2 cloak {rC+}
rCorr  .         Harm     .     Z - +2 pair of gloves {Str+3}
MR     ++++.                    D - +2 pair of boots {Stlth+}
Stlth  +.........               l - amulet of regeneration
                                u - ring "Renkest" {Fire *Drain rElec Str+3 Slay+2}
                                V - ring "Geaget Pemu" {*Contam rPois rF+ rC+ Slay+3}

@: about to teleport
A: no food or potions, fire vulnerability, cold resistance 1, negative energy
resistance 3, torment resistance, unbreathing, in touch with death 2
}: 5/15 runes: serpentine, barnacled, slimy, silver, abyssal
a: Renounce Religion


You were on level 5 of the Realm of Zot.
You worshipped Xom.
You were a toy of Xom.
You were not hungry.

You visited 10 branches of the dungeon, and saw 54 of its levels.
You visited the Abyss 1 time.
You visited 1 bazaar.
You also visited: Trove, Ice Cave, Volcano and Wizlab.

You collected 13044 gold pieces.
You spent 4701 gold pieces at shops.

Inventory:

Hand Weapons
 a - a +9 broad axe of chopping
 b - a +4 antimagic broad axe (weapon)
 c - a +11 blowgun {since when are nonartefacts allowed to generate past +9?}
Missiles
 q - 20 needles of confusion
 K - 13 steel javelins
 M - 9 curare-tipped needles
 T - 6 throwing nets (quivered)
Armour
 n - the +0 Maxwell's etheric cage {RegenMP+ *Contam rElec MP+4}
   (You acquired it on level 2 of the Elven Halls)

   It insulates you from electricity.
   It affects your magic capacity (+4).
   It causes magical contamination when unequipped.
 y - a +2 large shield (worn)
 D - a +2 pair of boots of stealth (worn)
 J - the +2 helmet of Life (worn) {Str+3 Dex+4}
   (You found it on level 5 of the Pits of Slime)

   It affects your strength (+3).
   It affects your dexterity (+4).
 N - a +2 cloak of cold resistance (worn)
 O - the +6 fire dragon scales of Recklessness (worn) {rF++ rC- MR+ Str+4 Int+3 Slay+3, nice}
   (You took it off a deep elf blademaster on level 3 of the Elven Halls)

   It affects your strength (+4).
   It affects your intelligence (+3).
   It affects your accuracy and damage with ranged weapons and melee attacks
   (+3).
   It greatly protects you from fire.
   It makes you vulnerable to cold.
   It affects your resistance to hostile enchantments.
 U - the +2 pair of gloves "Ulaule" {MR+++ rCorr Str-2 Int-4}
   (You bought it in a shop on level 9 of the Dungeon)

   It affects your strength (-2).
   It affects your intelligence (-4).
   It affects your resistance to hostile enchantments.
   It protects you from acid and corrosion.
 X - the -4 hat of the Sneaky Moons {rElec rPois Str+2 Slay+3}
   (You found it on level 3 of the Elven Halls)

   It affects your strength (+2).
   It affects your accuracy and damage with ranged weapons and melee attacks
   (+3).
   It insulates you from electricity.
   It protects you from poison.
 Z - a +2 pair of gloves of strength (worn)
Jewellery
 f - the ring "Dushruam" {+Blink rC+ MP+9 Dex+4}
   (You found it on level 5 of the Pits of Slime)

   [ring of magical power]

   It affects your dexterity (+4).
   It protects you from cold.
   It affects your magic capacity (+9).
   It lets you blink.
 k - the ring of Curiosity {rCorr rC+ Dex+4 Stlth-}
   (You found it on level 5 of the Pits of Slime)

   [ring of resist corrosion]

   It affects your dexterity (+4).
   It protects you from cold.
   It makes you less stealthy.
 l - an amulet of regeneration (around neck)
 m - a +4 ring of evasion
 o - a +1 ring of protection
 s - the ring of Tepi {*Slow rElec rF+ rN+ Dex+3}
   (You bought it in a shop on level 3 of the Elven Halls)

   [ring of positive energy]

   It affects your dexterity (+3).
   It protects you from fire.
   It insulates you from electricity.
   It protects you from negative energy.
   It may slow you when you take damage.
 u - the ring "Renkest" (right hand) {Fire *Drain rElec Str+3 Slay+2}
   (You found it on level 5 of the Vaults)

   [ring of fire]

   It enhances your fire magic.
   It affects your strength (+3).
   It affects your accuracy and damage with ranged weapons and melee attacks
   (+2).
   It protects you from fire.
   It makes you vulnerable to cold.
   It insulates you from electricity.
   It causes draining when unequipped.
 w - an uncursed ring of flight
 A - the ring of Bixt {rF+ Int+5 Dex-5}
   (You found it in an ice cave)

   [ring of protection from fire]

   It affects your intelligence (+5).
   It affects your dexterity (-5).
   It protects you from fire.
 F - an uncursed ring of see invisible
 I - the cursed ring of Music {Fire Str+4}
   (You took it off a spriggan air mage on level 4 of the Depths)

   [ring of fire]

   It enhances your fire magic.
   It affects your strength (+4).
   It protects you from fire.
   It makes you vulnerable to cold.
   It has a curse placed upon it.
 P - a +5 ring of protection
 V - the ring "Geaget Pemu" (left hand) {*Contam rPois rF+ rC+ Slay+3}
   (You found it on level 5 of the Vaults)

   [ring of poison resistance]

   It affects your accuracy and damage with ranged weapons and melee attacks
   (+3).
   It protects you from fire.
   It protects you from cold.
   It protects you from poison.
   It causes magical contamination when unequipped.
 Y - the ring of Pride {rF+ Str+4}
   (You found it on level 1 of the Snake Pit)

   [ring of protection from fire]

   It affects your strength (+4).
   It protects you from fire.
Wands
 h - a wand of digging (2/24)
 B - a wand of digging (21/24)
 C - a wand of clouds (2/9)
 E - a wand of scattershot (3/9)
Scrolls
 d - 10 scrolls of recharging
 e - 5 scrolls of teleportation
 g - 27 scrolls of remove curse
 p - 3 scrolls of fear
 v - a scroll of brand weapon
 x - 3 scrolls of blinking
 z - 2 scrolls of silence
 G - 7 scrolls of identify
 L - 8 scrolls of holy word
 R - 3 scrolls of magic mapping
Miscellaneous
 Q - a fan of gales (inert)
 S - a lamp of fire


   Skills:
 - Level 20.0 Fighting
 - Level 19.0(20.6) Axes
   Level 15.0(18.8) Maces & Flails
 - Level 14.2 Armour
 - Level 17.2 Dodging
 - Level 18.4 Shields
 - Level 6.1 Unarmed Combat
 - Level 7.0 Spellcasting
 * Level 7.1 Hexes
 - Level 13.8 Charms
 - Level 12.0 Translocations
 - Level 10.0 Air Magic
 - Level 4.0 Evocations


You had 13 spell levels left.
You knew the following spells:

 Your Spells              Type           Power        Failure   Level  Hunger
a - Blink                 Tloc           N/A          1%          2    N/A
b - Controlled Blink      Tloc           N/A          100%        8    N/A
c - Summon Small Mammal   Summ           #...         67%         1    N/A
d - Call Imp              Summ           #.......     87%         2    N/A
e - Pain                  Necr           ##..         67%         1    N/A
f - Silence               Hex/Air        ####......   56%         5    N/A
g - Repel Missiles        Chrm/Air       #####.       1%          2    N/A
h - Summon Butterflies    Summ           #.......     67%         1    N/A
i - Swiftness             Chrm/Air       #####...     1%          2    N/A
j - Spectral Weapon       Hex/Chrm       #####...     2%          3    N/A

Dungeon Overview and Level Annotations

Branches:
Dungeon (15/15)            Temple (0/1) D:5            Lair (6/6) D:9
 Shoals (4/4) Lair:4        Snake (4/4) Lair:3        Slime (5/5) Lair:5
    Orc (2/2) D:9             Elf (3/3) Orc:2        Vaults (5/5) D:14
  Crypt (0/3) Vaults:2     Depths (5/5) D:15            Zot (5/5) Depths:5

Altars:
Elyvilon
Fedhas
Gozag
Hepliaklqana
Kikubaaqudgha
Makhleb
Ru
Vehumet
Xom
The Shining One
Beogh

Shops:
D:4 (=   D:9 [(   Orc:2 %}!?   Elf:1 =   Elf:2 ?   Elf:3 }}=%   Snake:1 ((*
Snake:4 %   Depths:3 (!*   Depths:5 !

Portals:
Hell: Depths:1 Depths:2 Depths:3 Depths:4 Depths:5
Abyss: Depths:3 Depths:4 Depths:5
Pandemonium: Depths:1 Depths:2 Depths:3
Ziggurat: Depths:1

Annotations:
Lair:3 exclusion: downstairs
Lair:5 !hell hog wandering, care
Lair:6 tomster10010's ghost, journeyman MiFi
Snake:4 1 exclusion
Vaults:4 exclusion: upstairs
Vaults:5 !mennas wandering somewhere, Mennas
Depths:1 exclusions: hell hog, 4 hell hounds, hellion and 5 more exclusions


Innate Abilities, Weirdness & Mutations

You do not eat or drink.
Your flesh is vulnerable to fire.
You are immune to poison.
Your flesh is cold resistant. (rC+)
You are immune to negative energy. (rN+++)
You are immune to unholy pain and torment.
You can survive without breathing.
You are strongly in touch with the powers of death.


Message History

You slice the orb of fire!!
The orb of fire's magic leaks into the air.
The orb of fire is lightly damaged.
You miss the orb of fire.
The orb of fire glows yellow.
The bolt of fire misses you.
Unknown command.
You slash the orb of fire!
The orb of fire's magic leaks into the air.
The orb of fire is moderately damaged.
You slice the orb of fire!!
The orb of fire's magic leaks into the air.
You hit the Orb Guardian. You block the Orb Guardian's attack.
Unknown command.
Unknown command.
You open the orb of fire like a pillowcase!!!
The orb of fire's magic leaks into the air.
The orb of fire is heavily damaged.
You miss the orb of fire. You miss the Orb Guardian.
The Orb Guardian misses you.
Unknown command.
You barely miss the orb of fire.
The orb of fire is heavily damaged.
You hit the orb of fire but do no damage.
You hit the Orb Guardian. You block the Orb Guardian's attack.
Unknown command.
You closely miss the orb of fire.
The orb of fire is heavily damaged.
The moth of wrath's fur bristles in rage as it notices you.
You slash the Orb Guardian! You closely miss the orb of fire.
You block the Orb Guardian's attack.
An Orb Guardian comes into view.
Unknown command.
You miss the orb of fire.
The orb of fire is heavily damaged.
You barely miss the Orb Guardian. You slash the orb of fire!
The orb of fire's magic leaks into the air.
The Orb Guardian hits you!!
You die...
Xom laughs nastily!

####'######'####.#
####.#.......
#.............##.#
#.#####'##
#.............##.# #.#
#....#
▓▓▓▓▓▓▓▓################▓▓
▓##### **.............$##
#.... **,...............#*
##... **,,................**
#... *,,,.................#
##≈. *,,........@^..^.....#
#.≈ *,........**X........#
##^≈ *,........§§§........#
#... *,........§§§^.......#
##z..
*,.............y.....###§...
**........*§.^......###fD.##
*#......§§§.....p)##)*≈^##
*#.....§§§......X†§D.###
▓▓...X§##▓▓▓▓▓#▓▓▓▓▓#


You could see 2 orbs of fire, a Killer Klown, 2 Orb Guardians and a moth of
wrath.

Vanquished Creatures
  the Royal Jelly (Slime:5)
  Dissolution (Slime:5)
  An orb of fire (Zot:4)
  4 ancient liches
  Sojobo (Depths:1)
  2 juggernauts
  Boris (Depths:5)
  Margery (Depths:4)
  A curse toe (Zot:5)
  A caustic shrike (Depths:3)
  6 golden dragons
  2 Killer Klowns (Zot:4)
  Jory (Depths:3)
  Nikola (Depths:2)
  3 bone dragons
  An electric golem (Zot:2)
  19 tentacled monstrosities
  Rupert (Lair:4)
  9 Orb Guardians (Zot:5)
  An Ice Fiend (IceCv)
  10 liches
  A quicksilver dragon (shapeshifter) (Depths:4)
  7 titans
  Asterion (Snake:3)
  4 quicksilver dragons
  16 acid blobs
  3 deep elf blademasters
  2 deep elf master archers (Elf:3)
  7 death cobs
  10 sphinxes
  Polyphemus (Shoals:3)
  2 tentacled starspawn (Abyss:5)
  17 tengu reavers
  4 shadow dragons
  7 storm dragons
  12 azure jellies
  Donald (Shoals:3)
  8 draconian monks
  The ghost of tomster10010 the Fencer, a journeyman MiFi of Okawaru (Lair:6)
  10 fire giants
  10 deep elf sorcerers
  5 ghost moths
  20 nagarajas
  3 orc warlords
  12 frost giants
  5 draconian knights
  4 iron dragons
  10 draconian scorchers
  17 vault wardens
  A juggernaut zombie (Depths:1)
  7 deep elf elementalists
  2 draconian stormcallers (Zot:2)
  12 very ugly things
  14 ironheart preservers
  A ghoul (Vaults:2)
  9 draconian annihilators
  A caustic shrike skeleton (Depths:4)
  7 draconian shifters
  4 spriggan defenders
  4 entropy weavers
  16 stone giants
  8 deep elf demonologists
  2 war gargoyles (Vaults:5)
  7 vampire knights
  9 deep elf annihilators
  5 dire elephants (Zot:3)
  12 green draconians
  Azrael (Snake:3)
  10 red draconians
  13 yellow draconians
  8 white draconians
  9 black draconians
  A lorocyproca (Vaults:2)
  19 purple draconians
  9 spark wasps
  6 deep elf death magi
  18 ettins
  4 death oozes
  A hell beast (Depths:2)
  8 merfolk javelineers
  11 merfolk impalers
  10 fire dragons
  21 yaktaur captains
  Josephine (Lair:5)
  6 deep elf high priests
  5 rakshasas
  15 great orbs of eyes
  35 vault guards
  9 hydras
  6 ice dragons
  A ghost crab (shapeshifter) (Vaults:5)
  12 naga warriors
  8 spriggan air magi
  Erica (Lair:2)
  A catoblepas (shapeshifter) (Snake:4)
  A death knight (Vaults:1)
  An alligator snapping turtle (shapeshifter) (Depths:2)
  10 anacondas
  An alligator snapping turtle (Shoals:4)
  2 catoblepae
  4 merfolk avatars
  13 centaur warriors
  22 dancing weapons
  7 orc high priests
  45 two-headed ogres
  7 deep troll shamans
  A queen ant (shapeshifter) (Vaults:1)
  A hell hog (Lair:5)
  A vampire mage (Depths:5)
  4 death yaks (Shoals:3)
  7 deep troll earth magi
  12 ogre magi
  7 naga sharpshooters
  Urug (D:10)
  4 tengu warriors
  The ghost of BigBluFrog the Spear-Bearer, a novice FoAK of Lugonu (Lair:1)
  11 spriggan berserkers
  7 shock serpents
  4 hell knights
  Sonja (Lair:1)
  5 wretched stars
  16 deep elf knights
  2 salamander mystics
  Nergalle (Lair:4)
  5 skeletal warriors
  A soul eater (Depths:4)
  A fire crab (shapeshifter) (Elf:2)
  4 shadow wraiths
  2 iron trolls
  17 sea snakes
  A shadow demon (Depths:2)
  A storm dragon skeleton (Depths:4)
  19 deep trolls
  7 flayed ghosts
  6 wizards
  2 glowing orange brains (shapeshifter)
  2 orange crystal statues
  11 unseen horrors
  2 phantasmal warriors (Depths:3)
  A kraken simulacrum (Shoals:4)
  2 lindwurms
  9 naga ritualists
  19 deep elf archers
  24 harpies
  4 glowing orange brains
  19 ironbrand convokers
  A tengu zombie (Vaults:2)
  5 necromancers
  A sphinx zombie (Depths:4)
  A harpy (shapeshifter) (Depths:4)
  9 mana vipers
  3 oklob plants (Lair:6)
  2 manticores (shapeshifter)
  5 wolf spiders
  23 ugly things
  53 deep elf magi
  25 orc knights
  A mana viper (shapeshifter) (Vaults:5)
  A tengu skeleton (Depths:4)
  4 orc sorcerers
  7 shining eyes
  10 fauns
  29 moths of wrath
  9 cyclopes
  16 salamanders
  30 manticores
  Maurice (Orc:1)
  2 elephants (Zot:3)
  35 black mambas
  A human skeleton (Vaults:4)
  A sphinx skeleton (Vaults:4)
  A rust devil (Depths:2)
  An elephant (shapeshifter) (Depths:1)
  11 guardian serpents
  A smoke demon (Abyss:5)
  16 vault sentinels
  A water nymph (shapeshifter) (Depths:2)
  40 merfolk
  5 water nymphs
  3 centaur zombies
  A fire giant skeleton (Depths:4)
  22 naga magi
  3 eyes of devastation
  A titan simulacrum (Depths:4)
  14 merfolk sirens
  A spiny frog (shapeshifter) (Depths:1)
  An eye of devastation (shapeshifter) (Vaults:2)
  A torpor snail (shapeshifter) (Vaults:5)
  An ice statue (IceCv)
  A spriggan skeleton (Depths:1)
  2 yaktaur zombies
  24 spiny frogs
  7 komodo dragons
  A rime drake (Lair:5)
  An efreet (D:15)
  12 freezing wraiths
  3 anaconda simulacra (IceCv)
  3 ice devils (IceCv)
  53 yaktaurs
  2 polar bears
  A hellwing (Depths:1)
  An ancient zyme (Abyss:5)
  4 harpy zombies (Shoals:2)
  A queen bee (shapeshifter) (Vaults:4)
  7 red devils
  3 tengu conjurers
  2 queen bees
  10 trolls
  A wandering mushroom (Lair:6)
  5 meliai
  2 jumping spiders
  10 wind drakes
  A wind drake (shapeshifter) (D:15)
  7 tyrant leeches
  14 hornets
  A slime creature (shapeshifter) (Vaults:4)
  A tengu simulacrum (Vaults:4)
  8 snapping turtles
  12 blink frogs
  4 dream sheep
  A hippogriff (shapeshifter) (Depths:4)
  127 slime creatures
  A dream sheep (shapeshifter) (Vaults:1)
  Grinder (D:3)
  A meliai zombie (D:12)
  A fire giant simulacrum (Depths:1)
  16 hippogriffs
  A stone giant simulacrum (Vaults:1)
  17 water elementals
  7 large abominations
  12 air elementals
  2 redbacks (Vaults:4)
  A spriggan (shapeshifter) (Vaults:1)
  7 spriggans
  2 shadows
  A tarantella (Vaults:4)
  9 wraiths
  3 dire elephant simulacra (IceCv)
  4 vampires
  3 ynoxinuls
  2 basilisks (shapeshifter)
  2 yaks (shapeshifter)
  Grum (Lair:2)
  3 chaos spawn
  A fire bat (Volcano)
  6 fire elementals
  2 hungry ghosts
  4 golden eyes (Slime:4)
  11 humans (Zot:3)
  5 basilisks
  54 yaks
  10 vampire mosquitoes
  6 wyverns
  A neqoxec (Abyss:5)
  A human simulacrum (Vaults:2)
  A yaktaur simulacrum (Vaults:2)
  3 harpy simulacra (IceCv)
  10 wargs
  An iron troll simulacrum (IceCv)
  52 nagas
  3 acid dragons (Vaults:1)
  4 hell hounds
  A soldier ant (D:13)
  3 hydra simulacra (IceCv)
  7 porcupines
  A water moccasin (shapeshifter) (Depths:4)
  14 water moccasins
  A black bear (shapeshifter) (D:15)
  57 orc warriors
  A porcupine (shapeshifter) (Depths:1)
  An alligator simulacrum (IceCv)
  7 ice beasts
  3 phantoms
  2 black bears
  An ettin simulacrum (IceCv)
  A hornet zombie (D:13)
  An orc zombie (Vaults:2)
  7 sky beasts
  39 ogres
  A necrophage (D:13)
  An eye of draining (shapeshifter) (Vaults:4)
  A deep troll simulacrum (Depths:1)
  10 eyes of draining
  8 wolves
  7 boggarts
  22 crocodiles
  15 centaurs
  5 big kobolds
  A human zombie (Vaults:4)
  4 earth elementals
  A hippogriff zombie (Shoals:2)
  An elf simulacrum (Vaults:1)
  36 bullfrogs
  A gnoll sergeant (Orc:2)
  5 small abominations
  A wyvern zombie (D:14)
  5 scorpions
  An elephant simulacrum (IceCv)
  34 killer bees
  An electric eel (Snake:1)
  4 wights
  2 howler monkeys
  A bullfrog zombie (D:11)
  13 crimson imps
  4 draconian simulacra (IceCv)
  A quasit (D:8)
  8 centaur skeletons
  4 hounds
  15 jellies
  A hound (shapeshifter) (Vaults:1)
  31 orc wizards
  32 orc priests
  5 bullfrog skeletons
  9 worker ants
  2 iguanas
  3 polar bear simulacra (IceCv)
  3 troll simulacra (IceCv)
  4 spriggan simulacra
  6 centaur simulacra (IceCv)
  2 hound skeletons
  4 worker ant zombies
  9 gnolls
  3 naga simulacra (IceCv)
  15 adders
  A river rat (Orc:2)
  3 shadow imps
  7 white imps (IceCv)
  4 ufetubi (IceCv)
  3 oozes (Lair:5)
  An adder skeleton (D:7)
  8 worms
  A dart slug (D:1)
  5 leopard geckos
  103 orcs
  8 giant cockroaches
  4 goblins
  3 hobgoblins
  26 kobolds
  5 quokkas
  7 bats
  3 frilled lizards
  A leopard gecko skeleton (D:8)
  A quokka skeleton (D:4)
  2 quokka zombies
  11 rats
  4 crawling corpses
  2 fire vortices
  A fungus (Lair:5)
  A lurking horror (Abyss:5)
  3 plants
  5 starspawn tentacles (Abyss:5)
  A tentacle (Shoals:4)
2712 creatures vanquished.

Vanquished Creatures (collateral kills)
  A shadow dragon (Zot:3)
  A nagaraja (Snake:4)
  A draconian shifter (Zot:2)
  A draconian annihilator (Zot:3)
  An ironheart preserver (Vaults:1)
  A black draconian (Zot:3)
  A deep elf annihilator (Vaults:1)
  A purple draconian (Zot:2)
  A great orb of eyes (Slime:5)
  A hydra (Lair:4)
  A naga warrior (Snake:4)
  An anaconda (Snake:4)
  A hell knight (Depths:4)
  A naga ritualist (Snake:4)
  An ugly thing (D:11)
  5 fauns
  A centaur zombie (D:14)
  A moth of wrath (Zot:3)
  2 black mambas (Snake:1)
  A freezing wraith (Vaults:4)
  A yaktaur (Vaults:4)
  A wind drake (Shoals:4)
  2 merfolk (Shoals:3)
  A slime creature (D:9)
  A hippogriff (Shoals:4)
  A water elemental (Depths:4)
  2 orc warriors (Orc:2)
  A centaur (D:14)
  An electric eel (Snake:1)
  An orc wizard (Orc:2)
  A gnoll (D:11)
  A plant (Snake:1)
39 creatures vanquished.

Vanquished Creatures (others)
  A bone dragon (Zot:4)
  A deep elf master archer (Elf:3)
  2 fire giants
  A ghost moth (Zot:1)
  A deep elf elementalist (Elf:3)
  An ironheart preserver (Vaults:5)
  A vampire knight (Depths:3)
  2 merfolk javelineers (Shoals:4)
  2 dancing weapons
  An ironbrand convoker (Vaults:1)
  A deep elf mage (Elf:1)
  2 moths of wrath
  2 merfolk sirens (Shoals:4)
  A yaktaur (Vaults:1)
  A merfolk (Shoals:4)
  A slime creature (D:9)
  2 spatial vortices (Abyss:5)
  2 water moccasins (Lair:5)
  A boggart (Vaults:2)
  A centaur (Volcano)
  A small abomination (Abyss:5)
  2 orc wizards
  9 bushes (Lair:6)
  3 fire vortices
  64 fungi
  A lurking horror (Abyss:5)
  88 plants
  2 starspawn tentacles (Abyss:5)
  3 tentacles (Shoals:4)
200 creatures vanquished.

Grand Total: 2951 creatures vanquished

Notes
Turn   | Place    | Note
-------+----------+-------------------------------------------
     0 | D:1      | Implojin the Mummy Chaos Knight began the quest for the Orb.
     0 | D:1      | Reached XP level 1. HP: 18/18 MP: 1/1
    49 | D:1      | XOM: smoke on damage
    54 | D:1      | XOM: harmless Tloc miscast
   142 | D:1      | XOM: potion effect (brilliance)
   143 | D:1      | Reached XP level 2. HP: 21/24 MP: 2/2
   161 | D:1      | Reached skill level 3 in Unarmed Combat
   579 | D:1      | XOM: divination: magic mapping
   636 | D:1      | XOM: god gift: beef jerky
   655 | D:1      | XOM: god gift: smoking leather armour {god gift}
   656 | D:1      | Got a smoking leather armour {god gift}
   671 | D:1      | Identified the +3 leather armour of Spin the Turtle {rN+ Str+3 Dex-2} (Xom gifted it to you on level 1 of the Dungeon)
   765 | D:2      | XOM: fog
   898 | D:2      | Reached XP level 3. HP: 29/29 MP: 3/3
  1059 | D:2      | Found a hazy altar of Hepliaklqana.
  1077 | D:2      | XOM: harmless Conj miscast
  1411 | D:3      | Reached skill level 4 in Unarmed Combat
  1663 | D:3      | Reached XP level 4. HP: 17/35 MP: 4/4
  1701 | D:3      | a bezotted orc gained the power of zot.
  1704 | D:3      | a bezotted orc gained the power of zot.
  1770 | D:2      | XOM: medium Tmut miscast
  1914 | D:3      | Found a sacrificial altar of Ru.
  1914 | D:3      | XOM: 5-stop teleportation journey
  2022 | D:3      | XOM: 3-stop teleportation journey
  2134 | D:3      | XOM: god gift: glowing ivory wand {god gift}
  2227 | D:3      | XOM: mild Hex miscast
  2340 | D:3      | Reached XP level 5. HP: 39/41 MP: 5/5
  2394 | D:3      | Noticed Grinder
  2395 | D:3      | XOM: summons 5 friendly demons
  2411 | D:3      | Killed Grinder
  2411 | D:3      | Reached skill level 5 in Unarmed Combat
  2411 | D:3      | Reached XP level 6. HP: 35/47 MP: 6/6
  2652 | D:3      | XOM: scenery: create altars
  2772 | D:3      | XOM: god gift: scroll labeled ACOIPY MEXAGY {god gift}
  3067 | D:4      | XOM: 2-stop teleportation journey
  3088 | D:4      | XOM: 5-stop teleportation journey
  3163 | D:4      | XOM: god gift: 24 gold pieces
  3175 | D:4      | XOM: 1-stop teleportation journey
  3274 | D:4      | Reached skill level 6 in Unarmed Combat
  3337 | D:4      | XOM: noise
  3350 | D:4      | Found Oddyatiz's Jewellery Emporium.
  3693 | D:4      | Learned a level 2 spell: Sticks to Snakes
  3751 | D:4      | Found Xiuj's Antique Weapon Shop.
  3925 | D:5      | Entered Level 5 of the Dungeon
  3964 | D:5      | Reached skill level 4 in Fighting
  3964 | D:5      | Reached XP level 7. HP: 35/54 MP: 7/7
  4084 | D:4      | XOM: enchant monster (good)
  4273 | D:5      | Found a staircase to the Ecumenical Temple.
  4286 | D:5      | Got a scorched whip
  4294 | D:5      | Identified the +9 whip of Sateanos {elec, rN+} (You found it on level 5 of the Dungeon)
  4553 | D:5      | Reached skill level 5 in Fighting
  4643 | D:5      | Found a burning altar of Makhleb.
  4743 | D:5      | Found an opulent altar of Gozag.
  4743 | D:5      | XOM: confuse monster(s)
  4768 | D:5      | XOM: cast spell 'Olgreb's Toxic Radiance'
  4771 | D:5      | XOM: summons friendly quasit
  4997 | D:6      | Reached skill level 6 in Fighting
  5015 | D:6      | Reached skill level 1 in Maces & Flails
  5061 | D:6      | Reached skill level 2 in Maces & Flails
  5061 | D:6      | Reached XP level 8. HP: 45/65 MP: 8/8
  5123 | D:6      | XOM: silly message
  5262 | D:6      | XOM: fog
  5271 | D:6      | XOM: summons 2 friendly demons
  5273 | D:6      | Reached skill level 3 in Maces & Flails
  5354 | D:6      | Reached skill level 4 in Maces & Flails
  5466 | D:6      | XOM: cloud trail
  5689 | D:6      | XOM: mild Conj miscast
  5830 | D:6      | Reached skill level 5 in Maces & Flails
  5978 | D:7      | XOM: medium Tmut miscast
  6179 | D:7      | XOM: summons friendly quasit
  6193 | D:7      | Found a glowing golden altar of the Shining One.
  6208 | D:7      | Reached skill level 6 in Maces & Flails
  6291 | D:7      | XOM: harmless Summ miscast
  6386 | D:8      | XOM: noise
  6392 | D:8      | Reached XP level 9. HP: 69/71 MP: 9/9
  6397 | D:8      | XOM: cast spell 'Alistair's Intoxication'
  6445 | D:7      | XOM: mild Ice miscast
  6580 | D:8      | XOM: divination: magic mapping
  6585 | D:8      | Reached skill level 7 in Maces & Flails
  6781 | D:8      | Reached skill level 8 in Maces & Flails
  6989 | D:8      | Reached skill level 7 in Fighting
  7108 | D:8      | XOM: divination: detect creatures
  7230 | D:8      | XOM: polymorph killer bee -> worm
  7258 | D:8      | XOM: blink monster(s)
  7283 | D:8      | Reached skill level 8 in Fighting
  7575 | D:8      | Found a radiant altar of Vehumet.
  7723 | D:9      | Found a white marble altar of Elyvilon.
  7754 | D:9      | XOM: silly message
  7766 | D:9      | Found a staircase to the Lair.
  7766 | D:9      | XOM: noise
  7793 | D:9      | Reached skill level 9 in Fighting
  7797 | D:9      | Reached XP level 10. HP: 45/83 MP: 10/10
  7992 | D:9      | Found Yzavef's Armour Shoppe.
  7993 | D:9      | Found a staircase to the Orcish Mines.
  8017 | D:9      | XOM: summons 2 friendly demons
  8210 | D:9      | XOM: harmless Chrm miscast
  8227 | D:9      | Found Ofek Kup's Weapon Shoppe.
  8248 | D:9      | XOM: enchant monster (good)
  8256 | D:9      | Reached skill level 10 in Fighting
  8452 | D:9      | XOM: enchant monster (good)
  8466 | D:9      | XOM: enchant monster (good)
  8478 | D:9      | XOM: noise
  8495 | D:9      | XOM: summons 4 friendly demons
  8512 | D:9      | XOM: divination: detect creatures
  8856 | D:9      | Reached skill level 11 in Fighting
  9152 | D:9      | a bezotted slime creature gained the power of zot.
  9154 | D:9      | XOM: divine lightning (protected)
  9276 | D:10     | Entered Level 10 of the Dungeon
  9317 | D:10     | XOM: god gift: wand of flame (?/48) {god gift}
  9382 | D:10     | XOM: scenery: create altars
  9478 | D:10     | XOM: scenery: create altars
  9664 | D:10     | Noticed Urug
  9674 | D:10     | XOM: 9-stop teleportation journey
  9675 | D:10     | :xom plz
  9810 | D:10     | Reached skill level 9 in Maces & Flails
  9980 | D:10     | Killed an unseen horror
 10120 | D:10     | XOM: scenery: create altars
 10162 | D:10     | XOM: god gift: 14 stones
 10183 | D:10     | XOM: scenery: create altars
 10433 | D:10     | XOM: destruction
 10435 | D:10     | XOM: scenery: 2 doors close
 10444 | D:10     | Killed Urug
 10444 | D:10     | Reached XP level 11. HP: 81/93 MP: 11/11
 10591 | D:9      | Bought the +1 helmet "Xuewk" {Str+5} for 405 gold pieces
 10602 | D:9      | Bought a +0 blowgun for 37 gold pieces
 10625 | Lair:1   | Entered Level 1 of the Lair of Beasts
 10627 | Lair:1   | Noticed Grum
 10663 | Lair:1   | Reached skill level 10 in Maces & Flails
 10800 | Lair:1   | XOM: enchant monster (bad)
 11201 | Lair:1   | Noticed Sonja
 11207 | Lair:1   | Noticed BigBluFrog's ghost (novice FoAK)
 11209 | Lair:1   | XOM: harmless Pois miscast
 11215 | Lair:1   | XOM: summons 3 friendly demons
 11216 | Lair:1   | Killed Sonja
 11224 | Lair:1   | Killed BigBluFrog's ghost
 11248 | Lair:1   | XOM: polymorph red devil -> chaos spawn
 11310 | Lair:1   | XOM: harmless Tloc miscast
 11482 | Lair:1   | XOM: summons 3 hostile demons
 11570 | Lair:1   | Reached skill level 11 in Maces & Flails
 11765 | Lair:1   | XOM: polymorph spiny frog -> jumping spider
 11888 | Lair:2   | Noticed Erica
 11900 | Lair:2   | Killed Erica
 12137 | Lair:2   | XOM: summons 5 hostile demons
 12138 | Lair:2   | Noticed a soul eater
 12312 | Lair:2   | XOM: swap monsters
 12323 | Lair:2   | Killed Grum
 12345 | Lair:2   | XOM is BORED!
 12345 | Lair:2   | XOM: noise
 12608 | Lair:2   | Reached skill level 12 in Maces & Flails
 12678 | Lair:2   | XOM: severe Chrm miscast
 12685 | Lair:2   | XOM: stat loss: -1 Str (24/25)
 12693 | Lair:2   | Reached skill level 1 in Shields
 12702 | Lair:2   | Reached skill level 2 in Shields
 12711 | Lair:2   | XOM: noise
 12716 | Lair:2   | XOM: harmless Necr miscast
 12886 | Lair:2   | XOM: harmless Chrm miscast
 12924 | Lair:2   | Reached skill level 3 in Shields
 13086 | Lair:2   | XOM is BORED!
 13086 | Lair:2   | XOM: noise
 13098 | Lair:2   | XOM: mild Summ miscast
 13310 | Lair:2   | XOM: noise
 13452 | Lair:3   | Reached XP level 12. HP: 100/100 MP: 12/12
 13460 | Lair:3   | Found a staircase to the Snake Pit.
 13493 | Lair:3   | Reached skill level 4 in Shields
 13538 | Lair:3   | XOM is BORED!
 13538 | Lair:3   | XOM: summons 6 hostile demons
 13785 | Lair:3   | XOM: stat loss: -1 Dex (12/13)
 13858 | Lair:3   | XOM: harmless Pois miscast
 13865 | Lair:3   | XOM: silly message
 13918 | Lair:3   | XOM: god gift: morningstar {god gift}
 13967 | Lair:3   | Reached skill level 5 in Shields
 13976 | Lair:3   | XOM: summons 6 hostile demons
 13981 | Lair:3   | XOM: noise
 14207 | Lair:3   | XOM: destruction
 14738 | Lair:4   | Noticed Nergalle
 14749 | Lair:4   | Killed Nergalle
 14756 | Lair:4   | XOM: cast spell 'Olgreb's Toxic Radiance'
 14759 | Lair:4   | Found a staircase to the Shoals.
 14766 | Lair:4   | Reached skill level 6 in Shields
 14895 | Lair:4   | XOM: divination: detect items
 14928 | Lair:4   | XOM: scenery: create altars
 14961 | Lair:4   | XOM: god gift: silver wand {god gift}
 15018 | Lair:4   | Noticed Rupert
 15209 | D:9      | Bought the +2 pair of gloves "Ulaule" {MR+++ rCorr Str-2 Int-4} for 385 gold pieces
 15448 | Lair:4   | XOM: scenery: create altars
 15461 | Lair:4   | Killed Rupert
 15461 | Lair:4   | Reached skill level 7 in Shields
 15472 | Lair:4   | Noticed a seven-headed hydra
 15478 | Lair:4   | Killed a six-headed hydra
 15652 | Lair:4   | Reached skill level 8 in Shields
 15812 | Lair:4   | XOM: enchant monster (good)
 15984 | Lair:4   | XOM: 1-stop teleportation journey
 16020 | Lair:4   | XOM: cloud trail
 16266 | Lair:5   | XOM: summons 2 friendly demons
 16267 | Lair:5   | XOM: cleaving
 16275 | Lair:5   | Reached skill level 9 in Shields
 16332 | Lair:5   | Found a dark tunnel.
 16338 | Lair:5   | XOM: cast spell 'Summon Hydra'
 16342 | Lair:5   | Reached skill level 2 in Armour
 16380 | Lair:5   | XOM: 1-stop teleportation journey
 16560 | Volcano  | Entered a volcano
 16564 | Volcano  | :ugh
 16564 | Volcano  | :probably a bad idea to even try this
 16581 | Volcano  | XOM: noise
 16604 | Volcano  | XOM: summons 1 friendly demon
 16619 | Volcano  | Reached skill level 3 in Armour
 16622 | Volcano  | Noticed a hell hog
 16637 | Lair:5   | XOM: 1-stop teleportation journey
 16642 | Lair:5   | XOM: divination: detect items
 17046 | Lair:5   | Found a staircase to the Slime Pits.
 17083 | Lair:5   | Noticed a five-headed hydra
 17091 | Lair:5   | Noticed a great orb of eyes
 17091 | Lair:5   | a five-headed hydra changed into a great orb of eyes
 17091 | Lair:5   | XOM: polymorph five-headed hydra -> great orb of eyes
 17095 | Lair:5   | Killed a great orb of eyes
 17159 | Lair:5   | Noticed Nessos
 17176 | Lair:5   | Gained mutation: You are in touch with the powers of death. [Mummy growth]
 17176 | Lair:5   | Reached XP level 13. HP: 106/106 MP: 13/13
 17176 | Lair:5   | Noticed Nessos
 17176 | Lair:5   | Nessos changed into Nessos the salamander
 17176 | Lair:5   | XOM: polymorph Nessos -> Nessos the salamander
 17188 | Lair:5   | Killed Nessos the salamander
 17188 | Lair:5   | Reached skill level 4 in Armour
 17238 | Lair:5   | XOM: enchant monster (good)
 17252 | Lair:5   | XOM: scenery: create altars
 17298 | Lair:5   | XOM: cloud trail
 17312 | Lair:5   | Noticed Josephine
 17333 | Lair:5   | Killed Josephine
 17338 | Lair:5   | XOM: god gift: book of the Warp
 17341 | Lair:5   | XOM: scenery: create altars
 17354 | Lair:5   | Learned a level 8 spell: Controlled Blink
 17370 | Lair:5   | XOM: harmless Divn miscast
 17394 | Lair:5   | XOM: harmless Summ miscast
 17396 | Lair:5   | XOM: summons 4 hostile shadow creatures
 17406 | Lair:5   | Reached skill level 5 in Armour
 17827 | Lair:5   | XOM: summons 5 hostile demons
 17868 | Lair:5   | XOM: smoke on damage
 18240 | Lair:5   | XOM: divination: detect items
 18242 | Lair:5   | XOM: enchant monster (good)
 18391 | Lair:6   | Entered Level 6 of the Lair of Beasts
 18393 | Lair:6   | XOM: divination: magic mapping
 18436 | Lair:6   | XOM: enchant monster (bad)
 18445 | Lair:6   | Reached skill level 6 in Armour
 18446 | Lair:6   | XOM: harmless Summ miscast
 18447 | Lair:6   | XOM: divination: detect creatures
 18471 | Lair:5   | XOM: scenery: create altars
 18691 | Lair:6   | Reached skill level 7 in Armour
 18700 | Lair:6   | XOM: cleaving
 18702 | Lair:6   | XOM: swap monsters
 18703 | Lair:6   | asdfg
 18812 | Lair:5   | XOM: noise
 19018 | Lair:5   | XOM: stat loss: -1 Int (6/7)
 19075 | Lair:6   | XOM: enchant monster (bad)
 19076 | Lair:6   | XOM: cleaving
 19202 | Lair:6   | XOM: blink monster(s)
 19209 | Lair:6   | XOM: potion effect (brilliance)
 19218 | Lair:6   | Reached skill level 8 in Armour
 19307 | Lair:6   | XOM: enchant monster (bad)
 19362 | Lair:6   | XOM: mild Air miscast
 19392 | Lair:6   | XOM: swap monsters
 19426 | Lair:6   | XOM: swap monsters
 19634 | Lair:6   | XOM: blink monster(s)
 19713 | Lair:6   | Reached skill level 9 in Armour
 19717 | Lair:6   | XOM: summons 4 hostile shadow creatures
 19845 | Lair:6   | XOM: destruction
 19916 | Lair:6   | XOM: confusion (+ monsters)
 19919 | Lair:6   | XOM: potion effect (haste)
 20041 | Lair:6   | Noticed tomster10010's ghost (journeyman MiFi)
 20043 | Lair:6   | XOM: confuse monster(s)
 20068 | Lair:6   | the bezotted tomster10010's ghost gained the power of zot.
 20084 | Lair:6   | Killed the bezotted tomster10010's ghost
 20121 | Lair:6   | XOM: fake destruction
 20130 | Lair:6   | XOM: 1-stop teleportation journey
 20134 | Lair:6   | XOM: polymorph spiny frog -> something unseen
 20142 | Lair:6   | XOM: potion effect (might)
 20295 | Lair:6   | XOM: divination: magic mapping
 20330 | Lair:6   | Got an iridescent mace
 20404 | Lair:6   | XOM: cast spell 'Dispersal'
 20461 | Lair:6   | Reached skill level 12 in Fighting
 20471 | Lair:6   | XOM: cloud trail
 20591 | Lair:6   | Reached XP level 14. HP: 97/115 MP: 14/14
 20666 | Lair:6   | a bezotted yak gained the power of zot.
 20675 | Lair:6   | XOM: repel stairs
 20697 | Lair:6   | XOM: fake destruction
 20981 | Lair:6   | Got a fine morningstar
 20992 | Lair:6   | :i guess this is from a vault, maybe manually placed like that
 21026 | Lair:6   | XOM: fake destruction
 21380 | Lair:6   | XOM: god gift: fan of gales
 21437 | Lair:6   | XOM: divination: detect items
 21519 | Lair:6   | XOM: confuse monster(s)
 21536 | Lair:6   | XOM: polymorph oklob plant -> wandering mushroom
 21766 | Lair:5   | XOM: scenery: create altars
 21939 | Orc:1    | Entered Level 1 of the Orcish Mines
 21949 | Orc:1    | XOM: blink monster(s)
 22129 | Orc:2    | Entered Level 2 of the Orcish Mines
 22129 | Orc:2    | Found a staircase to the Elven Halls.
 22129 | Orc:2    | Noticed Maurice
 22142 | Orc:2    | XOM: harmless Conj miscast
 22150 | Orc:1    | Killed Maurice
 22217 | Orc:2    | Reached skill level 13 in Fighting
 22282 | Orc:2    | XOM: enchant monster (good)
 22328 | Orc:2    | XOM: cast spell 'Summon Dragon'
 22520 | Orc:2    | XOM: silly message
 22745 | Orc:2    | XOM: enchant monster (good)
 22890 | Orc:2    | XOM: noise
 23000 | Orc:1    | XOM: 2-stop teleportation journey
 23004 | Orc:1    | XOM: swap monsters
 23136 | Orc:2    | XOM: silly message
 23382 | Orc:2    | XOM: mild Summ miscast
 23454 | Orc:2    | XOM: enchant monster (good)
 23456 | Orc:2    | XOM: polymorph orange demon -> rust devil
 23460 | Orc:2    | XOM: 3-stop teleportation journey
 23484 | Orc:2    | XOM: medium Tmut miscast
 24073 | Orc:2    | Reached skill level 14 in Fighting
 24088 | Orc:2    | XOM: harmless Chrm miscast
 24183 | Orc:1    | XOM: 3-stop teleportation journey
 24827 | Orc:2    | XOM: summons 3 hostile shadow creatures
 24895 | Orc:2    | XOM: cloud trail
 24969 | Orc:2    | XOM: mild Pois miscast
 25073 | Orc:2    | Noticed an orc warlord
 25074 | Orc:2    | XOM: summons 1 hostile demon
 25111 | Orc:2    | XOM: summons 2 friendly demons
 25140 | Orc:1    | XOM: fog
 25238 | Orc:1    | XOM: silly message
 25463 | Orc:1    | Noticed a stone giant
 25478 | Orc:1    | Killed a stone giant
 25648 | Orc:2    | Noticed an orc warlord
 25662 | Orc:2    | XOM: enchant monster (good)
 25723 | Orc:1    | XOM: harmless Chrm miscast
 26006 | Orc:2    | Killed an orc warlord
 26145 | Orc:2    | something gained the power of zot.
 26193 | Orc:1    | Killed a bezotted orc warlord
 26193 | Orc:1    | Reached skill level 15 in Fighting
 26334 | Orc:1    | XOM: mild Erth miscast
 26364 | Orc:1    | XOM: noise
 26390 | Orc:2    | Reached skill level 1 in Dodging
 26403 | Orc:2    | XOM: polymorph orc -> river rat
 26435 | Orc:2    | XOM: god gift: royal jelly
 26649 | Orc:2    | Found Rithowol's Food Shop.
 26652 | Orc:2    | Found Erobuohu's Distillery.
 26653 | Orc:2    | Found Senwiq's Magic Scroll Shop.
 26654 | Orc:2    | Found Tydiv's Gadget Boutique.
 26893 | D:4      | Bought a +4 ring of protection for 432 gold pieces
 26893 | D:4      | Bought an uncursed amulet of regeneration for 360 gold pieces
 26911 | D:4      | Identified the +10 mace "Aptuez" {drain, rC+} (You found it on level 6 of the Lair of Beasts)
 26912 | D:4      | Identified the +4 morningstar of Wakky {crush, rN+ Str+2 Int-5} (You found it on level 6 of the Lair of Beasts)
 26937 | D:4      | XOM: scenery: 1 doors close
 27303 | D:11     | XOM is BORED!
 27303 | D:11     | XOM: 4-stop teleportation journey
 27413 | D:11     | XOM: scenery: create altars
 27455 | D:11     | XOM: polymorph gnoll sergeant -> wolf
 27670 | D:11     | XOM: cloud trail
 27790 | D:11     | Found a blossoming altar of Fedhas.
 27860 | D:11     | XOM: god gift: pair of glowing boots {god gift}
 27866 | D:11     | XOM: confuse monster(s)
 28240 | D:12     | XOM: enchant monster (good)
 28300 | D:12     | XOM: cast spell 'Alistair's Intoxication'
 28311 | D:12     | Reached XP level 15. HP: 129/129 MP: 15/15
 28380 | D:12     | XOM: 1-stop teleportation journey
 28495 | D:12     | XOM: god gift: runed morningstar {god gift}
 28531 | D:12     | a bezotted yak gained the power of zot.
 28534 | D:12     | XOM: divination: detect creatures
 28536 | D:12     | XOM: cleaving
 28538 | D:12     | XOM: destruction
 28543 | D:12     | Reached skill level 10 in Shields
 28551 | D:12     | XOM: fog
 28757 | D:12     | XOM: summons 2 friendly demons
 28810 | D:12     | XOM: god gift: beef jerky
 28897 | D:12     | XOM is BORED!
 28897 | D:12     | XOM: swap monsters
 28914 | D:12     | XOM: divination: magic mapping
 29406 | D:13     | Reached skill level 1 in Evocations
 29614 | D:13     | Learned a level 1 spell: Summon Small Mammal
 29617 | D:13     | Learned a level 2 spell: Call Imp
 29694 | D:13     | XOM: harmless Air miscast
 29784 | D:13     | Reached skill level 2 in Evocations
 29875 | D:13     | XOM: medium Chrm miscast
 29964 | D:13     | something gained the power of zot.
 30256 | D:14     | XOM: cast spell 'Shadow Creatures'
 30259 | D:14     | Reached skill level 3 in Evocations
 30269 | D:14     | Found a portal to a secret trove of treasure.
 30307 | D:14     | Found an ancient bone altar of Kikubaaqudgha.
 30456 | D:14     | Got a dazzling quarterstaff
 30479 | D:14     | XOM: cast spell 'Leda's Liquefaction'
 30492 | D:14     | XOM: enchant monster (bad)
 30637 | D:13     | Reached skill level 4 in Evocations
 30881 | D:14     | Found a gate to the Vaults.
 30915 | D:14     | XOM: mild Chrm miscast
 31011 | D:14     | XOM: summons 7 friendly demons
 31183 | D:14     | XOM: cast spell 'Ring of Flames'
 31448 | D:14     | a bezotted killer bee gained the power of zot.
 31468 | D:14     | XOM: divine lightning
 31481 | D:14     | a bezotted killer bee gained the power of zot.
 31554 | D:14     | a bezotted worm gained the power of zot.
 31639 | D:15     | Entered Level 15 of the Dungeon
 31698 | D:15     | XOM: scenery: create altars
 31699 | D:15     | XOM: scenery: create altars
 31756 | D:15     | XOM: 1-stop teleportation journey
 31757 | D:15     | XOM: confuse monster(s)
 31840 | D:15     | Found a staircase to the Depths.
 31840 | D:15     | Noticed a fire giant
 31876 | D:15     | XOM: confusion
 31888 | D:15     | Reached skill level 13 in Maces & Flails
 31892 | D:15     | XOM: confuse monster(s)
 31916 | D:15     | XOM: mild Summ miscast
 32234 | D:15     | XOM: harmless Fire miscast
 32338 | D:15     | Killed a fire giant
 32564 | D:15     | XOM: summons friendly shadow imp
 32603 | D:15     | XOM: harmless Necr miscast
 32626 | D:15     | XOM: mild Fire miscast
 32651 | D:15     | XOM: harmless Pois miscast
 32683 | D:15     | XOM: polymorph shadow imp -> white imp
 32685 | D:15     | XOM: summons friendly crimson imp
 33201 | Lair:2   | XOM: divination: magic mapping
 33247 | Snake:1  | Entered Level 1 of the Snake Pit
 33419 | Snake:1  | XOM: polymorph shock serpent -> slime creature
 33532 | Snake:1  | Got a slimy flail
 33535 | Snake:1  | Identified the +2 flail of Ejats {pain, Dex+4} (You found it on level 1 of the Snake Pit)
 33572 | Snake:1  | XOM: silly message
 33654 | Snake:1  | Found Posei's Weapon Shoppe.
 33656 | Snake:1  | Found Leraqiy's Weapon Emporium.
 33658 | Snake:1  | Found Viruosku's Assorted Antiques.
 33662 | Snake:1  | Bought 2 curare-tipped needles for 15 gold pieces
 33763 | Snake:1  | XOM: blink monster(s)
 33785 | Snake:1  | XOM: harmless Necr miscast
 33802 | Snake:1  | Reached skill level 14 in Maces & Flails
 33835 | Snake:1  | Reached XP level 16. HP: 113/136 MP: 19/19
 33928 | Snake:1  | Got a scorched granite ring
 33930 | Snake:1  | Identified the ring of Pride {rF+ Str+4} (You found it on level 1 of the Snake Pit)
 34082 | Snake:1  | Got a warped chain mail
 34113 | Snake:1  | :resuming later
 34123 | Snake:1  | Identified the +4 chain mail of the Vacuum {rElec rPois MR+} (You found it on level 1 of the Snake Pit)
 34258 | Snake:1  | XOM: noise
 34330 | Snake:1  | Found a gateway to a bazaar.
 34330 | Snake:1  | XOM: harmless Conj miscast
 34332 | Snake:1  | XOM: harmless Summ miscast
 34682 | Snake:1  | XOM: cast spell 'Summon Small Mammal'
 34948 | Bazaar   | Entered a bazaar
 34962 | Bazaar   | Found Jaggudy's Distillery.
 34993 | Bazaar   | Found Avealol's Distillery.
 35015 | Bazaar   | Found Fuil's Gadget Emporium.
 35041 | Bazaar   | Found Gedegugg's Gadget Emporium.
 35122 | Bazaar   | XOM: god gift: 9 royal jellies
 35243 | Snake:2  | XOM: confuse monster(s)
 35484 | Snake:2  | XOM: summons friendly iron imp
 35505 | Snake:2  | XOM: divination: detect items
 35514 | Snake:2  | XOM: 1-stop teleportation journey
 35666 | Snake:2  | XOM: potion effect (haste)
 35749 | Snake:2  | XOM: summons 8 hostile demons
 35776 | Snake:2  | XOM: confuse monster(s)
 35781 | Snake:2  | a bezotted iron imp gained the power of zot.
 35797 | Snake:2  | XOM: potion effect (invisibility)
 35850 | Snake:2  | Reached skill level 15 in Maces & Flails
 35978 | Snake:2  | XOM: enchant monster (good)
 36057 | Snake:2  | XOM: enchant monster (good)
 36237 | Snake:3  | Found a frozen archway.
 36253 | IceCv    | Entered an ice cave
 36610 | IceCv    | XOM: god gift: 48 gold pieces
 36627 | IceCv    | XOM: smoke on damage
 36631 | IceCv    | XOM: summons friendly ufetubus
 36841 | IceCv    | XOM: polymorph ice devil -> red devil
 36855 | IceCv    | XOM: swap monsters
 36925 | IceCv    | XOM: harmless Summ miscast
 37014 | IceCv    | XOM is BORED!
 37014 | IceCv    | XOM: noise
 37102 | IceCv    | XOM: cloud trail
 37225 | IceCv    | Noticed an Ice Fiend
 37254 | IceCv    | Killed an Ice Fiend
 37460 | IceCv    | Got a flickering tin ring
 37461 | IceCv    | Identified Tezeguapp's Reference Book on the Ghastly Snowflakes
 37509 | Snake:3  | Identified the ring of Bixt {rF+ Int+5 Dex-5} (You found it in an ice cave)
 37550 | Snake:3  | Learned a level 1 spell: Pain
 37876 | Orc:2    | Bought a scroll of identify for 28 gold pieces
 37876 | Orc:2    | Bought a scroll of identify for 28 gold pieces
 37876 | Orc:2    | Bought a scroll of identify for 28 gold pieces
 37876 | Orc:2    | Bought a scroll of fog for 28 gold pieces
 37876 | Orc:2    | Bought a scroll of fear for 49 gold pieces
 37876 | Orc:2    | Bought a scroll of teleportation for 42 gold pieces
 37876 | Orc:2    | Bought a scroll of teleportation for 42 gold pieces
 37876 | Orc:2    | Bought a scroll of identify for 28 gold pieces
 37876 | Orc:2    | Bought a scroll of identify for 28 gold pieces
 37876 | Orc:2    | Bought a scroll of identify for 28 gold pieces
 37876 | Orc:2    | Bought a scroll of magic mapping for 49 gold pieces
 38059 | Lair:2   | XOM: divination: detect items
 38098 | Snake:1  | XOM is BORED!
 38098 | Snake:1  | XOM: harmless Erth miscast
 38194 | Snake:3  | XOM: divination: detect items
 38196 | Snake:3  | Reached skill level 16 in Fighting
 38417 | Snake:3  | XOM: divination: magic mapping
 38451 | Snake:3  | Noticed Asterion
 38466 | Snake:3  | XOM: enchant monster (bad)
 38475 | Snake:3  | Killed Asterion
 38578 | Snake:2  | XOM: summons 4 hostile demons
 38973 | Snake:3  | XOM: summons 2 hostile shadow creatures
 39176 | Snake:3  | XOM: medium Summ miscast
 39309 | Snake:3  | Got a shimmering shield
 39321 | Snake:3  | Identified the +4 shield of Peruag {+Blink rElec rF- MR++ Str+4} (You took it off Asterion on level 3 of the Snake Pit)
 39439 | Snake:3  | Noticed Azrael
 39758 | Snake:3  | XOM: mild Necr miscast
 39872 | Snake:3  | XOM is BORED!
 39872 | Snake:3  | XOM: blink monster(s)
 40005 | Snake:3  | XOM: harmless Tmut miscast
 40025 | Snake:3  | Killed Azrael
 40034 | Snake:3  | XOM: mild Necr miscast
 40122 | Snake:3  | XOM: confusion (+ monsters)
 40124 | Snake:3  | Reached skill level 17 in Fighting
 40275 | Snake:4  | Entered Level 4 of the Snake Pit
 40308 | Snake:3  | XOM: silly message
 40309 | Snake:3  | XOM: enchant monster (good)
 40314 | Snake:3  | Reached XP level 17. HP: 133/147 MP: 20/20
 40375 | Snake:3  | XOM: summons friendly crimson imp
 40474 | Snake:4  | Reached skill level 10 in Armour
 40504 | Snake:4  | XOM: confusion (+ monsters)
 40613 | Snake:4  | XOM: summons friendly crimson imp
 40615 | Snake:4  | XOM: blink monster(s)
 40697 | Snake:4  | XOM: mild Divn miscast
 40699 | Snake:4  | XOM: summons friendly white imp
 40914 | Snake:4  | Reached skill level 11 in Armour
 40932 | Snake:4  | XOM: harmless Pois miscast
 41014 | Snake:4  | XOM: polymorph nagaraja -> emperor scorpion
 41022 | Snake:4  | XOM: 1-stop teleportation journey
 41029 | Snake:4  | XOM: cast spell 'Summon Hydra'
 41042 | Snake:4  | Found Gufar's Food Shop.
 41133 | Snake:4  | XOM: fog
 41139 | Snake:4  | XOM: summons 4 friendly demons
 41148 | Snake:4  | XOM: enchant monster (good)
 41488 | Snake:4  | Reached skill level 12 in Armour
 41548 | Snake:4  | XOM: summons friendly sun demon
 41602 | Snake:4  | XOM: fake destruction
 41838 | Snake:4  | XOM: 1-stop teleportation journey
 41844 | Snake:4  | XOM: scenery: create altars
 41874 | Snake:4  | XOM: confuse monster(s)
 41875 | Snake:4  | XOM: polymorph nagaraja -> nagaraja
 41892 | Snake:4  | XOM: noise
 41957 | Snake:4  | Reached skill level 13 in Armour
 42061 | Snake:4  | Got a serpentine rune of Zot
 42083 | Snake:4  | XOM: enchant monster (good)
 42108 | Snake:4  | XOM: cast spell 'Summon Mana Viper'
 42120 | Snake:4  | XOM: scenery: 1 doors close
 42514 | Snake:3  | XOM: enchant monster (good)
 42519 | Snake:3  | XOM: polymorph naga -> ogre
 42656 | Snake:2  | XOM: scenery: create altars
 42752 | Shoals:1 | Entered Level 1 of the Shoals
 42756 | Shoals:1 | XOM: confuse monster(s)
 42784 | Shoals:1 | something gained the power of zot.
 42787 | Shoals:1 | Reached XP level 18. HP: 127/154 MP: 21/21
 42793 | Shoals:1 | XOM: potion effect (agility)
 42892 | Shoals:1 | XOM: potion effect (agility)
 42902 | Shoals:1 | a bezotted harpy gained the power of zot.
 43004 | Shoals:1 | XOM: enchant monster (good)
 43018 | Shoals:1 | XOM: summons friendly crimson imp
 43062 | Shoals:1 | XOM: divination: detect creatures
 43110 | Shoals:1 | Reached skill level 14 in Armour
 43520 | Shoals:2 | XOM: fog
 43763 | Shoals:2 | Reached skill level 2 in Dodging
 43792 | Shoals:2 | XOM: enchant monster (good)
 43795 | Shoals:2 | XOM: summons 1 hostile shadow creature
 43856 | Shoals:2 | XOM: cast spell 'Shadow Creatures'
 43877 | Shoals:2 | XOM: enchant monster (bad)
 43883 | Shoals:2 | Reached skill level 3 in Dodging
 44171 | Shoals:2 | XOM: harmless Divn miscast
 44272 | Shoals:2 | You fall through a shaft!
 44283 | Shoals:3 | Noticed Polyphemus
 44284 | Shoals:3 | XOM: summons 7 friendly demons
 44348 | Shoals:3 | XOM: god gift: wand of polymorph (?/24) {god gift}
 44405 | Shoals:3 | Noticed Donald
 44411 | Shoals:3 | XOM: god gift: 7 needles of confusion
 44416 | Shoals:3 | Killed Donald
 44416 | Shoals:3 | Reached skill level 4 in Dodging
 44442 | Shoals:3 | XOM: noise
 44581 | Shoals:3 | Killed Polyphemus
 44602 | Shoals:3 | Reached skill level 5 in Dodging
 44666 | Shoals:3 | XOM: summons friendly shadow imp
 44800 | Shoals:3 | XOM: scenery: create altars
 44831 | Shoals:3 | XOM: scenery: create altars
 44846 | Shoals:3 | XOM: summons 3 friendly demons
 44907 | Shoals:3 | XOM: cast spell 'Death Channel'
 44932 | Shoals:3 | XOM: divination: detect items
 45101 | Shoals:3 | XOM: harmless Pois miscast
 45147 | Shoals:3 | XOM: potion effect (agility)
 45169 | Shoals:4 | Entered Level 4 of the Shoals
 45169 | Shoals:4 | XOM: potion effect (agility)
 45174 | Shoals:4 | Reached skill level 6 in Dodging
 45183 | Shoals:4 | XOM: summons friendly iron imp
 45184 | Shoals:4 | XOM: summons friendly iron imp
 45202 | Shoals:4 | XOM: divine lightning
 45219 | Shoals:4 | Noticed Ilsuiw
 45392 | Shoals:4 | XOM: summons 2 friendly demons
 45409 | Shoals:4 | Got a dazzling battleaxe
 45411 | Shoals:4 | Identified the +11 battleaxe of Extremism {pain, +Fly} (You found it on level 4 of the Shoals)
 45472 | Shoals:4 | XOM: cleaving
 45477 | Shoals:4 | XOM: summons friendly shadow imp
 45496 | Shoals:4 | XOM: chaos cloud
 45499 | Shoals:4 | Paralysed by you for 5 turns
 45531 | Shoals:4 | XOM: summons 6 hostile demons
 45533 | Shoals:4 | a bezotted sea snake gained the power of zot.
 45536 | Shoals:3 | XOM: harmless Necr miscast
 45774 | Shoals:3 | a bezotted merfolk impaler gained the power of zot.
 45784 | Shoals:3 | XOM: confuse monster(s)
 45835 | Shoals:3 | Reached skill level 7 in Dodging
 45839 | Shoals:3 | Found a shimmering altar of Xom.
 45868 | Shoals:3 | Found a shimmering altar of Xom.
 45903 | Shoals:3 | Found a shimmering altar of Xom.
 45908 | Shoals:3 | Found a shimmering altar of Xom.
 46202 | Shoals:3 | XOM: god gift: 3760 gold pieces
 46339 | Shoals:4 | XOM: fog
 46538 | Shoals:4 | XOM: cleaving
 46540 | Shoals:4 | Reached skill level 8 in Dodging
 46544 | Shoals:4 | XOM: summons friendly shadow imp
 46559 | Shoals:4 | Noticed Ilsuiw
 46559 | Shoals:4 | Ilsuiw changed into Ilsuiw the fire giant
 46559 | Shoals:4 | XOM: polymorph Ilsuiw -> Ilsuiw the fire giant
 46567 | Shoals:4 | Killed Ilsuiw the fire giant
 46642 | Shoals:4 | XOM: summons friendly iron imp
 46683 | Shoals:4 | XOM: enchant monster (good)
 46688 | Shoals:4 | XOM: potion effect (invisibility)
 46702 | Shoals:4 | XOM: divination: magic mapping
 46750 | Shoals:4 | a bezotted merfolk avatar gained the power of zot.
 46797 | Shoals:4 | XOM: potion effect (agility)
 46807 | Shoals:4 | Reached skill level 9 in Dodging
 46808 | Shoals:4 | XOM: harmless Fire miscast
 46810 | Shoals:4 | XOM: potion effect (heal wounds)
 46832 | Shoals:4 | something gained the power of zot.
 46969 | Shoals:4 | Got a barnacled rune of Zot
 47001 | Shoals:4 | Reached XP level 19. HP: 161/161 MP: 22/22
 47066 | Shoals:4 | XOM: summons friendly quasit
 47213 | Shoals:4 | XOM: cast spell 'Confusing Touch'
 47217 | Shoals:4 | XOM: mild Hex miscast
 47504 | Shoals:4 | XOM: cast spell 'Call Canine Familiar'
 47516 | Shoals:4 | Reached skill level 10 in Dodging
 47576 | Shoals:4 | Got a crude battleaxe
 47579 | Shoals:4 | Identified the cursed +0 battleaxe "Osaras" {freeze, rF- Int+2 SInv} (You found it on level 4 of the Shoals)
 47886 | Shoals:3 | XOM: scenery: create altars
 48015 | Shoals:2 | XOM: confuse monster(s)
 48305 | Vaults:1 | Entered Level 1 of the Vaults
 48517 | Vaults:1 | Reached skill level 11 in Dodging
 48520 | Vaults:1 | XOM: summons 15 friendly demons
 48536 | Vaults:1 | XOM: summons friendly iron imp
 48543 | Vaults:1 | XOM: enchant monster (good)
 48800 | Vaults:1 | XOM: enchant monster (bad)
 48802 | Vaults:1 | XOM: swap monsters
 49048 | Vaults:1 | XOM: summons 2 friendly demons
 49060 | Vaults:1 | XOM: harmless Necr miscast
 49066 | Vaults:1 | XOM: swap monsters
 49097 | Vaults:1 | XOM: summons 4 hostile demons
 49395 | Vaults:1 | Reached skill level 1 in Axes
 49472 | Vaults:1 | Reached skill level 2 in Axes
 49557 | Vaults:1 | XOM: confuse monster(s)
 49568 | Vaults:1 | XOM: cast spell 'Summon Mana Viper'
 49570 | Vaults:1 | Reached skill level 3 in Axes
 49877 | Vaults:1 | Reached skill level 4 in Axes
 49954 | Vaults:1 | Reached skill level 5 in Axes
 50040 | Vaults:1 | XOM: enchant monster (good)
 50206 | Vaults:1 | XOM: confuse monster(s)
 50399 | Vaults:1 | XOM: cloud trail
 50445 | Vaults:1 | XOM: harmless Conj miscast
 50498 | Vaults:1 | Reached skill level 6 in Axes
 50502 | Vaults:1 | XOM: divination: detect creatures
 50881 | Vaults:1 | Reached skill level 7 in Axes
 50922 | Vaults:1 | XOM: confuse monster(s)
 51071 | Vaults:1 | XOM: potion effect (brilliance)
 51306 | Vaults:1 | XOM: summons friendly ufetubus
 51322 | Vaults:1 | XOM: scenery: create altars
 51399 | Vaults:1 | XOM: confuse monster(s)
 51406 | Vaults:1 | Reached XP level 20. HP: 161/168 MP: 23/23
 51429 | Vaults:1 | Reached skill level 8 in Axes
 51882 | Lair:1   | XOM: harmless Conj miscast
 51973 | Snake:1  | XOM: harmless Pois miscast
 51982 | Snake:1  | Bought a scroll of teleportation for 102 gold pieces
 51982 | Snake:1  | Bought a scroll of blinking for 255 gold pieces
 52118 | Lair:2   | XOM: summons 4 hostile demons
 52298 | D:4      | Bought an uncursed ring of see invisible for 180 gold pieces
 52558 | Vaults:1 | XOM: mild Divn miscast
 52758 | Vaults:1 | Found a shimmering altar of Xom.
 52758 | Vaults:1 | Found a shimmering altar of Xom.
 52758 | Vaults:1 | Found a shimmering altar of Xom.
 52758 | Vaults:1 | Found a shimmering altar of Xom.
 52758 | Vaults:1 | Found a shimmering altar of Xom.
 52758 | Vaults:1 | Found a shimmering altar of Xom.
 52758 | Vaults:1 | Found a shimmering altar of Xom.
 52758 | Vaults:1 | Found a shimmering altar of Xom.
 52991 | Vaults:2 | XOM: enchant monster (bad)
 53009 | Vaults:2 | XOM: medium Divn miscast
 53031 | Vaults:2 | XOM: medium Erth miscast
 53097 | Vaults:2 | XOM: severe Hex miscast
 53107 | Vaults:2 | XOM: fog
 53202 | Vaults:2 | XOM: harmless Air miscast
 53255 | Vaults:2 | Reached skill level 9 in Axes
 53307 | Vaults:2 | XOM: mild Erth miscast
 53308 | Vaults:2 | XOM: polymorph rakshasa -> something unseen
 53469 | Vaults:2 | XOM: harmless Hex miscast
 53482 | Vaults:2 | XOM: harmless Hex miscast
 53495 | Vaults:2 | XOM: noise
 53547 | Vaults:2 | XOM: stat loss: -1 Dex (15/16)
 53648 | Vaults:2 | Found a staircase to the Crypt.
 53751 | Vaults:2 | XOM: confuse monster(s)
 53772 | Vaults:2 | XOM: harmless Divn miscast
 53775 | Vaults:2 | Reached skill level 10 in Axes
 53903 | Vaults:2 | XOM: stat loss: -1 Int (8/9)
 54020 | Vaults:2 | XOM: mild Fire miscast
 54028 | Vaults:2 | XOM: mild Chrm miscast
 54454 | Shoals:2 | XOM: swap monsters
 54461 | Shoals:2 | XOM: polymorph merfolk avatar -> tyrant leech
 54776 | D:14     | XOM: cloud trail
 55185 | Vaults:2 | XOM: scenery: create altars
 55191 | Vaults:2 | something gained the power of zot.
 55291 | Vaults:2 | XOM: harmless Erth miscast
 55493 | Vaults:3 | XOM: noise
 55503 | Vaults:3 | Reached skill level 11 in Axes
 55523 | Vaults:3 | XOM: repel stairs
 55533 | Vaults:3 | XOM: cleaving
 56007 | Vaults:3 | XOM: mild Necr miscast
 56052 | Vaults:3 | XOM: medium Divn miscast
 56176 | Vaults:3 | XOM: divination: detect items
 56265 | Vaults:3 | XOM: mild Fire miscast
 56313 | Vaults:3 | XOM: summons friendly iron imp
 56319 | Vaults:3 | XOM: enchant monster (bad)
 56421 | Vaults:4 | XOM: scenery: 1 doors open
 56424 | Vaults:4 | XOM: confusion
 56657 | Vaults:4 | XOM: harmless Erth miscast
 56690 | Vaults:4 | Got a slimy scale mail
 56691 | Vaults:4 | Identified the +1 scale mail of Boleun {rElec rF+ Regen+ Str+4} (You found it on level 4 of the Vaults)
 56709 | Vaults:4 | XOM: mild Necr miscast
 56745 | Vaults:4 | XOM: enchant monster (bad)
 56809 | Vaults:4 | XOM: harmless Pois miscast
 56826 | Vaults:4 | XOM: scenery: 2 doors open
 56831 | Vaults:4 | Reached skill level 12 in Axes
 57091 | Vaults:4 | XOM: scenery: 2 doors close
 57261 | Vaults:4 | XOM: god gift: ring of teleportation {god gift}
 57267 | Vaults:4 | XOM: summons friendly white imp
 57636 | Vaults:4 | XOM: smoke on damage
 57661 | Vaults:4 | Reached skill level 13 in Axes
 57687 | Vaults:4 | Reached XP level 21. HP: 174/174 MP: 24/24
 57725 | Vaults:4 | XOM: cast spell 'Disjunction'
 57733 | Vaults:4 | XOM: cleaving
 57848 | Vaults:4 | XOM: noise
 57895 | Vaults:4 | XOM: divination: detect items
 58235 | Vaults:3 | XOM: confusion (+ monsters)
 58240 | Vaults:3 | XOM: mild Pois miscast
 58256 | Vaults:3 | XOM: 2-stop teleportation journey
 58277 | Vaults:3 | a bezotted orc knight gained the power of zot.
 58295 | Vaults:3 | XOM: polymorph orc knight -> lindwurm
 58443 | Vaults:3 | XOM: 1-stop teleportation journey
 58595 | Vaults:3 | Found a roughly hewn altar of Beogh.
 58615 | Vaults:3 | XOM: summons 4 hostile shadow creatures
 58636 | Vaults:3 | XOM: confuse monster(s)
 58654 | Vaults:3 | XOM: cleaving
 58712 | Vaults:3 | XOM: medium Air miscast
 58818 | Vaults:2 | XOM: harmless Divn miscast
 58891 | Vaults:1 | Reached skill level 14 in Axes
 59062 | Depths:1 | Entered Level 1 of the Depths
 59073 | Depths:1 | XOM: smoke on damage
 59154 | Depths:1 | Found a one-way gate leading to the halls of Pandemonium.
 59160 | Depths:1 | Found a gateway to a ziggurat.
 59330 | Depths:1 | Found a gateway to Hell.
 59413 | Depths:1 | Noticed Sojobo
 59457 | Depths:1 | XOM: divination: magic mapping
 59462 | Depths:1 | XOM: scenery: create altars
 59483 | Depths:1 | Killed Sojobo
 59705 | Depths:1 | XOM: fog
 59821 | Depths:1 | XOM: fake destruction
 59823 | Depths:1 | Reached skill level 15 in Axes
 59841 | Depths:1 | Got a crude plate armour
 59843 | Depths:1 | XOM: cloud trail
 59846 | Depths:1 | Identified the +5 plate armour of Murem {Str+3} (You found it on level 1 of the Depths)
 59868 | Depths:1 | XOM: fake destruction
 59869 | Depths:1 | XOM: confuse monster(s)
 59878 | Depths:1 | XOM: stat loss: -1 Str (28/29)
 60073 | Depths:1 | XOM: confusion
 60421 | Depths:2 | Noticed Nikola
 60425 | Depths:2 | XOM: harmless Tloc miscast
 60433 | Depths:1 | XOM: blink monster(s)
 60926 | Depths:2 | XOM: confuse monster(s)
 60932 | Depths:2 | XOM: confuse monster(s)
 60948 | Depths:2 | Killed Nikola
 60956 | Depths:2 | XOM: noise
 60965 | Depths:2 | XOM: blink monster(s)
 61090 | Depths:1 | XOM: blink monster(s)
 61092 | Depths:1 | XOM: scenery: create altars
 61147 | Depths:2 | XOM: stat loss: -1 Dex (16/17)
 61148 | Depths:2 | Noticed a golden dragon
 61149 | Depths:2 | XOM: harmless Tmut miscast
 61173 | Depths:1 | XOM: summons friendly iron imp
 61184 | Depths:1 | Reached skill level 16 in Axes
 61297 | Depths:1 | Killed a golden dragon
 61479 | Depths:2 | XOM: confusion
 61496 | Depths:1 | Reached XP level 22. HP: 159/182 MP: 8/25
 61511 | Depths:2 | XOM: 6-stop teleportation journey
 61512 | Depths:2 | Noticed a juggernaut
 61527 | Depths:2 | XOM: blink monster(s)
 61540 | Depths:2 | Killed a juggernaut
 61547 | Depths:2 | XOM: silly message
 61557 | Depths:2 | XOM: swap monsters
 61613 | Depths:2 | Got a shimmering helmet
 61615 | Depths:2 | XOM: divination: magic mapping
 61641 | Depths:2 | Identified the +2 helmet "Icarch" {rC++ Str-3} (You found it on level 2 of the Depths)
 61744 | Depths:2 | XOM: harmless Summ miscast
 61754 | Depths:2 | Reached skill level 18 in Fighting
 62117 | Depths:2 | XOM: mild Air miscast
 62125 | Depths:2 | XOM: polymorph sphinx -> alligator snapping turtle
 62134 | Depths:2 | XOM: god gift: embroidered hat {god gift}
 62150 | Depths:2 | XOM: summons 9 hostile demons
 62407 | Depths:2 | XOM: swap monsters
 62524 | Depths:2 | XOM: summons 1 hostile demon
 62680 | Depths:2 | XOM: enchant monster (bad)
 62962 | Depths:2 | XOM: polymorph eight-headed hydra -> entropy weaver
 63030 | Depths:2 | XOM: polymorph manticore -> salamander
 63053 | Depths:2 | Reached skill level 19 in Fighting
 63072 | Depths:2 | a bezotted hell beast gained the power of zot.
 63105 | Depths:2 | XOM: mild Chrm miscast
 63248 | Depths:3 | XOM: confuse monster(s)
 63306 | Depths:3 | XOM: scenery: create altars
 63377 | Depths:3 | XOM: destruction
 63416 | Depths:3 | XOM: noise
 63446 | Depths:3 | something gained the power of zot.
 63465 | Depths:3 | XOM: cast spell 'Call Canine Familiar'
 63492 | Depths:3 | XOM: polymorph hound -> centaur
 63713 | Depths:3 | XOM: mild Divn miscast
 63794 | Depths:3 | Noticed a caustic shrike
 63810 | Depths:3 | Killed a caustic shrike
 63810 | Depths:3 | XOM: potion effect (magic)
 63811 | Depths:3 | Noticed a golden dragon
 64016 | Depths:3 | XOM: divination: magic mapping
 64058 | Depths:3 | XOM: harmless Tloc miscast
 64062 | Depths:3 | Killed a golden dragon
 64066 | Depths:3 | Reached skill level 20 in Fighting
 64148 | Depths:3 | XOM: harmless Fire miscast
 64305 | Depths:3 | Found Metiam's Distillery.
 64321 | Depths:3 | XOM: scenery: create altars
 64381 | Depths:3 | Found Ruuzown's Weapon Shoppe.
 64512 | Depths:3 | XOM: harmless Tloc miscast
 64514 | Depths:3 | Noticed Jory
 64573 | Depths:3 | Killed Jory
 64761 | Depths:3 | Found Musuf's Assorted Antiques.
 64769 | Depths:3 | Bought a scroll of teleportation for 135 gold pieces
 64769 | Depths:3 | Bought a scroll of identify for 90 gold pieces
 64995 | Depths:3 | Reached XP level 23. HP: 196/196 MP: 26/26
 65048 | Depths:3 | Found a one-way gate to the infinite horrors of the Abyss.
 65101 | Depths:4 | XOM: enchant monster (bad)
 65127 | Depths:4 | Reached skill level 17 in Axes
 65127 | Depths:4 | XOM: enchant monster (good)
 65324 | Depths:4 | XOM: confusion (+ monsters)
 65430 | Depths:4 | XOM: mild Pois miscast
 65501 | Depths:4 | XOM: cleaving
 65575 | Depths:4 | XOM: polymorph spriggan berserker -> tyrant leech
 65605 | Depths:4 | Noticed a juggernaut
 65822 | Depths:4 | Noticed a caustic shrike
 65822 | Depths:4 | an acid blob changed into a caustic shrike
 65950 | Depths:4 | XOM: potion effect (brilliance)
 65955 | Depths:4 | XOM: divination: magic mapping
 65962 | Depths:4 | XOM: potion effect (haste)
 65972 | Depths:4 | XOM: harmless Pois miscast
 66007 | Depths:4 | Got a slimy platinum ring
 66009 | Depths:4 | Identified the ring of Music {Fire Str+4} (You took it off a spriggan air mage on level 4 of the Depths)
 66014 | Depths:4 | Got a crude morningstar {crush}
 66016 | Depths:4 | Identified the +1 morningstar of Seruze {crush, +Blink rF+++ Str-5 Stlth-} (You took it off a spriggan air mage on level 4 of the Depths)
 66035 | Depths:4 | Identified the Almanac of Mysticism
 66045 | Depths:4 | Learned a level 5 spell: Silence
 66049 | Depths:4 | Identified Sif Muna's Guide on Transmutation and Air
 66054 | Depths:4 | Learned a level 2 spell: Repel Missiles
 66063 | Depths:4 | Learned a level 1 spell: Summon Butterflies
 66134 | Depths:4 | Reached skill level 18 in Axes
 66170 | Depths:4 | XOM: potion effect (haste)
 66179 | Depths:4 | XOM: harmless Hex miscast
 66230 | Depths:4 | XOM: divine lightning
 66249 | Depths:4 | XOM: swap monsters
 66416 | Depths:4 | Noticed Margery
 66426 | Depths:4 | XOM: noise
 66430 | Depths:4 | XOM: mild Ice miscast
 66431 | Depths:4 | XOM: confusion
 66432 | Depths:4 | XOM: summons 3 hostile shadow creatures
 66441 | Depths:4 | Killed Margery
 66441 | Depths:4 | XOM: mild Hex miscast
 66488 | Depths:4 | XOM: mild Divn miscast
 67003 | Depths:5 | Entered Level 5 of the Depths
 67025 | Depths:5 | XOM: smoke on damage
 67038 | Depths:5 | Found Caseet's Distillery.
 67042 | Depths:5 | Noticed Boris
 67057 | Depths:5 | XOM: swap monsters
 67380 | Depths:4 | XOM: fake destruction
 67568 | Depths:5 | XOM: enchant monster (bad)
 67571 | Depths:5 | Reached skill level 19 in Axes
 67611 | Depths:5 | Killed Boris
 67611 | Depths:5 | Reached skill level 12 in Dodging
 67627 | Depths:5 | Found a magical portal.
 67646 | WizLab   | Entered Wucad Mu's Monastery
 67759 | WizLab   | XOM: enchant monster (bad)
 68101 | Depths:5 | Killed a juggernaut
 68137 | Depths:5 | XOM: 1-stop teleportation journey
 68270 | Depths:5 | XOM: enchant monster (good)
 68274 | Depths:5 | Reached skill level 13 in Dodging
 68274 | Depths:5 | Reached XP level 24. HP: 136/204 MP: 8/26
 68404 | Depths:5 | Found a gate to the Realm of Zot.
 68444 | Depths:5 | XOM: divination: magic mapping
 68475 | Depths:5 | XOM: harmless Hex miscast
 68503 | Depths:5 | Reached skill level 14 in Dodging
 68616 | Depths:5 | XOM: 2-stop teleportation journey
 68840 | Depths:5 | XOM: god gift: beef jerky
 69099 | D:15     | XOM: mild Conj miscast
 69234 | Lair:1   | XOM: harmless Erth miscast
 69364 | Slime:1  | Entered Level 1 of the Pits of Slime
 69399 | Slime:1  | XOM: repel stairs
 69491 | Slime:2  | Reached skill level 15 in Dodging
 69619 | Slime:2  | XOM: noise
 69682 | Slime:3  | XOM: stealth player
 69987 | Slime:4  | XOM: mild Fire miscast
 70005 | Slime:4  | XOM: confusion
 70082 | Slime:5  | Entered Level 5 of the Pits of Slime
 70144 | Slime:5  | XOM: confusion
 70181 | Slime:5  | Noticed Dissolution
 70195 | Slime:5  | Killed Dissolution
 70195 | Slime:5  | Reached skill level 16 in Dodging
 70214 | Slime:5  | XOM: harmless Divn miscast
 70230 | Slime:5  | XOM: mild Erth miscast
 70420 | Slime:4  | XOM: noise
 70757 | Slime:5  | XOM: confusion (+ monsters)
 70764 | Slime:5  | XOM: smoke on damage
 70886 | Slime:5  | Noticed the Royal Jelly
 70898 | Slime:5  | XOM: summons friendly crimson imp
 70901 | Slime:5  | XOM: divination: detect creatures
 70901 | Slime:5  | Killed the Royal Jelly
 70901 | Slime:5  | Reached skill level 17 in Dodging
 70942 | Slime:5  | Got a warped marble ring
 70949 | Slime:5  | Got a fine helmet
 70974 | Slime:5  | Identified the Papyrus of Virous Flames
 70994 | Slime:5  | Identified the ring of Curiosity {rCorr rC+ Dex+4 Stlth-} (You found it on level 5 of the Pits of Slime)
 71009 | Slime:5  | Got a slimy rune of Zot
 71097 | Slime:5  | Identified the +2 helmet of Life {Str+3 Dex+4} (You found it on level 5 of the Pits of Slime)
 71124 | Slime:5  | Got a twisted hunting sling
 71172 | Slime:5  | Identified the +11 hunting sling of Instant Death {velocity, rPois rF+ SInv} (You found it on level 5 of the Pits of Slime)
 71184 | Slime:5  | Got a scintillating copper ring
 71185 | Slime:5  | Identified the ring "Dushruam" {+Blink rC+ MP+9 Dex+4} (You found it on level 5 of the Pits of Slime)
 71218 | Slime:5  | Got a jewelled leather armour
 71219 | Slime:5  | Identified the cursed +1 leather armour of Toth {rC+ Str+4 Slay+3} (You found it on level 5 of the Pits of Slime)
 71260 | Slime:5  | Got a dazzling hunting sling
 71262 | Slime:5  | Identified the cursed +0 hunting sling "Earthworm" {velocity, +Blink rC+ Int-3 Stlth+} (You found it on level 5 of the Pits of Slime)
 71300 | Slime:4  | XOM: noise
 71331 | Slime:3  | XOM: polymorph slime creature -> water nymph
 71551 | Lair:3   | XOM: harmless Hex miscast
 71572 | Lair:3   | XOM: mild Tloc miscast
 71576 | Lair:3   | Learned a level 2 spell: Blink
 71920 | Depths:5 | XOM: repel stairs
 71921 | Depths:5 | XOM: polymorph stone giant -> shadow dragon
 71923 | Depths:5 | XOM: enchant monster (bad)
 71939 | Depths:5 | XOM: summons 12 hostile demons
 71969 | Zot:1    | Entered Level 1 of the Realm of Zot
 72027 | Depths:3 | XOM: harmless Pois miscast
 72240 | Elf:1    | Entered Level 1 of the Elven Halls
 72463 | Elf:1    | Reached skill level 11 in Shields
 72520 | Elf:1    | XOM is BORED!
 72520 | Elf:1    | XOM: summons 4 hostile shadow creatures
 72524 | Elf:1    | Identified Ulang's Almanac of Creation
 72685 | Elf:1    | XOM: noise
 72722 | Elf:1    | XOM: medium Conj miscast
 72957 | Elf:1    | Found Fusixt's Jewellery Emporium.
 73142 | Elf:1    | Reached XP level 25. HP: 210/210 MP: 8/26
 73290 | Elf:2    | Found Gonef's Magic Scroll Boutique.
 73303 | Elf:2    | Bought a scroll of enchant weapon for 127 gold pieces
 73303 | Elf:2    | Bought a scroll of acquirement for 884 gold pieces
 73303 | Elf:2    | Bought a scroll of teleportation for 51 gold pieces
 73303 | Elf:2    | Bought a scroll of teleportation for 51 gold pieces
 73303 | Elf:2    | Bought a scroll of recharging for 161 gold pieces
 73303 | Elf:2    | Bought a scroll of recharging for 161 gold pieces
 73303 | Elf:2    | Bought a scroll of identify for 34 gold pieces
 73364 | Elf:2    | XOM: chaos cloud
 73552 | Elf:2    | Found a runed door.
 73592 | Elf:2    | Found a runed door.
 73705 | Elf:2    | XOM: silly message
 73883 | Elf:2    | Reached skill level 12 in Shields
 73966 | Elf:2    | XOM: 1-stop teleportation journey
 74061 | Elf:2    | XOM: 7-stop teleportation journey
 74131 | Elf:2    | XOM: fog
 74135 | Elf:2    | XOM: chaos upgrade
 74208 | Elf:2    | XOM: chaos cloud
 74400 | Elf:2    | XOM: summons 6 friendly demons
 74452 | Elf:2    | Found Gonef's Magic Scroll Boutique.
 74749 | Elf:2    | XOM: medium Tloc miscast
 74749 | Elf:2    | Cast into level 5 of the Abyss (the capriciousness of Xom)
 74749 | Abyss:5  | XOM: stealth player
 74749 | Abyss:5  | Entered Level 5 of the Abyss
 74800 | Abyss:5  | XOM: divine lightning
 74812 | Abyss:5  | XOM: harmless Air miscast
 74850 | Abyss:5  | Reached skill level 13 in Shields
 74870 | Abyss:5  | XOM: silly message
 74934 | Abyss:5  | Got an abyssal rune of Zot
 74960 | Elf:2    | Escaped the Abyss
 75061 | Elf:2    | XOM: mild Ice miscast
 75504 | D:14     | XOM: harmless Fire miscast
 75518 | D:14     | You showed the abyssal rune of Zot to enter a treasure trove
 75519 | Trove    | Entered a treasure trove
 75562 | Trove    | Identified Ymi Yts's Guide on Confrontation
 75575 | Trove    | Identified Sif Muna's Disquisition on the Snowflakes
 75578 | Trove    | Identified Duecuyfi's Papyrus of Vitriolic Enhancements
 75619 | D:14     | Learned a level 2 spell: Swiftness
 75852 | Elf:3    | Entered Level 3 of the Elven Halls
 75956 | Elf:3    | Found Zoulozum's Gadget Boutique.
 75958 | Elf:3    | Found Okejav's Jewellery Shoppe.
 75959 | Elf:3    | Found Uhiphist's Gadget Boutique.
 75985 | Elf:3    | XOM: chaos cloud
 76021 | Elf:3    | Bought the ring of Tepi {*Slow rElec rF+ rN+ Dex+3} for 458 gold pieces
 76305 | Elf:3    | XOM: stat loss: -1 Int (10/13)
 76385 | Elf:3    | Found Oreemias's Food Emporium.
 76485 | Elf:3    | Reached skill level 14 in Shields
 76521 | Elf:3    | XOM: enchant monster (bad)
 76602 | Elf:3    | XOM: god gift: wand of iceblast (?/15) {god gift}
 76754 | Elf:3    | XOM: god gift: 8 needles of frenzy
 76768 | Elf:3    | XOM: enchant monster (good)
 76784 | Elf:3    | XOM: summons friendly quasit
 76924 | Elf:3    | XOM: enchant monster (good)
 76929 | Elf:3    | XOM: god gift: scroll of blinking
 76942 | Elf:3    | Reached skill level 15 in Shields
 76960 | Elf:3    | XOM: divine lightning (protected)
 77162 | Elf:3    | Reached skill level 16 in Shields
 77176 | Elf:3    | XOM: mild Necr miscast
 77344 | Elf:3    | Got dazzling fire dragon scales
 77344 | Elf:3    | Got an ancient platinum ring
 77357 | Elf:3    | Identified the ring of Life {*Tele +Fly MR- MP+9 SInv} (You took it off a deep elf blademaster on level 3 of the Elven Halls)
 77367 | Elf:3    | Got a crude scale mail
 77386 | Elf:3    | Identified the +6 fire dragon scales of Recklessness {rF++ rC- MR+ Str+4 Int+3 Slay+3} (You took it off a deep elf blademaster on level 3 of the Elven Halls)
 77419 | Elf:3    | Reached skill level 1 in Charms
 77465 | Elf:3    | XOM: harmless Erth miscast
 77472 | Elf:3    | Identified Bonuej Myet's Disquisition on the Snowflakes
 77500 | Elf:3    | Got a smoking scale mail
 77526 | Elf:3    | Got a slimy hat
 77529 | Elf:3    | XOM: cloud trail
 77581 | Elf:3    | Reached skill level 2 in Charms
 77712 | Elf:3    | Identified the cursed +0 scale mail "Xoakea" {*Corrode rC+ Regen+ Slay+5} (You found it on level 3 of the Elven Halls)
 77723 | Elf:3    | Identified the cursed +0 scale mail of Inaction {+Inv rPois rF+++ Dex-5} (You found it on level 3 of the Elven Halls)
 77733 | Elf:3    | Identified the cursed -4 hat of the Sneaky Moons {rElec rPois Str+2 Slay+3} (You found it on level 3 of the Elven Halls)
 78189 | Vaults:5 | Entered Level 5 of the Vaults
 78197 | Vaults:4 | Reached skill level 3 in Charms
 78200 | Vaults:4 | Reached skill level 4 in Charms
 78217 | Vaults:5 | XOM: blink monster(s)
 78220 | Vaults:4 | Reached skill level 5 in Charms
 78246 | Vaults:4 | XOM: repel stairs
 78250 | Vaults:4 | Reached skill level 6 in Charms
 78255 | Vaults:4 | XOM: harmless Hex miscast
 78293 | Vaults:5 | Reached skill level 7 in Charms
 78377 | Vaults:4 | Reached skill level 8 in Charms
 78407 | Vaults:5 | Reached skill level 1 in Air Magic
 78413 | Vaults:5 | Reached skill level 2 in Air Magic
 78422 | Vaults:5 | Reached skill level 3 in Air Magic
 78422 | Vaults:5 | Gained mutation: You are strongly in touch with the powers of death. [Mummy growth]
 78422 | Vaults:5 | Reached XP level 26. HP: 178/218 MP: 26/26
 78466 | Vaults:5 | XOM: summons 2 hostile demons
 78469 | Vaults:5 | Reached skill level 4 in Air Magic
 78534 | Vaults:5 | Got an encrusted buckler
 78558 | Vaults:5 | Reached skill level 5 in Air Magic
 78579 | Vaults:5 | Got a silver rune of Zot
 78589 | Vaults:5 | XOM: mild Necr miscast
 78643 | Vaults:5 | XOM: fog
 78714 | Vaults:5 | XOM: summons 2 friendly demons
 78723 | Vaults:5 | Reached skill level 6 in Air Magic
 78744 | Vaults:5 | Got a smelly plate armour
 78894 | Vaults:5 | Reached skill level 7 in Air Magic
 78925 | Vaults:5 | XOM: 2-stop teleportation journey
 79066 | Vaults:5 | Reached skill level 8 in Air Magic
 79096 | Vaults:5 | Reached skill level 9 in Air Magic
 79191 | Vaults:5 | XOM: god gift: 33 gold pieces
 79251 | Vaults:5 | XOM: mild Ice miscast
 79277 | Vaults:5 | XOM: medium Conj miscast
 79369 | Vaults:5 | Identified the cursed +0 buckler of the Six Seas {rF+ Regen+} (You found it on level 5 of the Vaults)
 79460 | Vaults:5 | Noticed Mennas
 79476 | Vaults:5 | Reached skill level 10 in Air Magic
 79529 | Vaults:5 | Identified the +10 plate armour of the Hidden Vale {-Tele rC+ Dex+4} (You took it off an orc on level 5 of the Vaults)
 79531 | Vaults:5 | XOM: enchant monster (bad)
 79543 | Vaults:5 | Reached skill level 9 in Charms
 79660 | Vaults:5 | Got a vibrating ivory ring
 79728 | Vaults:5 | XOM: enchant monster (bad)
 79729 | Vaults:5 | XOM: blink monster(s)
 79734 | Vaults:5 | XOM: divination: detect creatures
 79941 | Vaults:5 | XOM: god gift: 49 gold pieces
 80027 | Vaults:5 | Noticed an ancient lich
 80033 | Vaults:5 | Killed an ancient lich
 80033 | Vaults:5 | Reached skill level 10 in Charms
 80038 | Vaults:5 | Identified the Papyrus of Ashen Enhancements
 80053 | Vaults:5 | Got a twitching silver ring
 80055 | Vaults:5 | Identified the ring "Renkest" {Fire *Drain rElec Str+3 Slay+2} (You found it on level 5 of the Vaults)
 80293 | Vaults:5 | Identified the ring "Geaget Pemu" {*Contam rPois rF+ rC+ Slay+3} (You found it on level 5 of the Vaults)
 80320 | Vaults:5 | Reached skill level 11 in Charms
 80616 | Vaults:2 | XOM: blink monster(s)
 80814 | Depths:4 | XOM: enchant monster (good)
 81115 | Zot:2    | XOM: cast spell 'Shadow Creatures'
 81115 | Zot:2    | XOM: smoke on damage
 81119 | Zot:2    | Reached skill level 17 in Shields
 81128 | Zot:2    | XOM: divination: magic mapping
 81136 | Zot:2    | XOM: summons friendly shadow imp
 81141 | Zot:2    | XOM: enchant monster (good)
 81151 | Zot:2    | XOM: divination: magic mapping
 81155 | Zot:2    | something gained the power of zot.
 81272 | Zot:1    | XOM: god gift: 7 stones
 81534 | Zot:2    | Reached XP level 27. HP: 195/224 MP: 26/26
 81644 | Zot:2    | XOM: fake destruction
 81649 | Zot:2    | XOM: divination: magic mapping
 81650 | Zot:2    | XOM: confuse monster(s)
 81697 | Zot:2    | Reached skill level 18 in Shields
 81948 | Zot:2    | XOM: enchant monster (good)
 82089 | Zot:2    | XOM: god gift: glowing spear {god gift}
 82216 | Zot:2    | XOM: scenery: create altars
 82270 | Zot:2    | XOM: god gift: book of Battle
 82301 | Zot:2    | XOM: harmless Hex miscast
 82322 | Zot:1    | Reached skill level 1 in Spellcasting
 82326 | Zot:1    | Reached skill level 2 in Spellcasting
 82334 | Zot:1    | Learned a level 3 spell: Spectral Weapon
 82368 | Zot:1    | Reached skill level 3 in Spellcasting
 82369 | Zot:1    | XOM: summons 6 friendly demons
 82377 | Zot:1    | Reached skill level 4 in Spellcasting
 82484 | Zot:1    | Reached skill level 5 in Spellcasting
 82484 | Zot:1    | XOM: fog
 82493 | Zot:1    | Reached skill level 6 in Spellcasting
 82502 | Zot:1    | Reached skill level 7 in Spellcasting
 82754 | Zot:1    | Reached skill level 1 in Translocations
 82997 | Zot:3    | Reached skill level 2 in Translocations
 83013 | Zot:3    | Reached skill level 3 in Translocations
 83072 | Zot:3    | Reached skill level 4 in Translocations
 83094 | Zot:3    | XOM: enchant monster (good)
 83111 | Zot:3    | Reached skill level 5 in Translocations
 83144 | Zot:3    | Reached skill level 6 in Translocations
 83158 | Zot:3    | XOM: confuse monster(s)
 83174 | Zot:3    | Reached skill level 7 in Translocations
 83206 | Zot:3    | Reached skill level 8 in Translocations
 83268 | Zot:3    | XOM: noise
 83326 | Zot:3    | Reached skill level 9 in Translocations
 83426 | Zot:3    | Reached skill level 10 in Translocations
 83779 | Zot:4    | XOM: 1-stop teleportation journey
 83808 | Zot:4    | XOM: noise
 83977 | Zot:4    | XOM: summons 3 hostile demons
 84017 | Zot:4    | Reached skill level 11 in Translocations
 84027 | Zot:4    | XOM: summons 7 friendly demons
 84189 | Zot:4    | XOM: mild Fire miscast
 84293 | Zot:4    | XOM: confusion (+ monsters)
 84369 | Zot:4    | XOM: harmless Tmut miscast
 84407 | Zot:4    | XOM: divine lightning
 84414 | Zot:4    | XOM: smoke on damage
 84422 | Zot:4    | Reached skill level 12 in Translocations
 84428 | Zot:4    | XOM: scenery: 1 fountains blood, 1 doors close
 84429 | Zot:4    | XOM: enchant monster (bad)
 84570 | Zot:4    | XOM: harmless Fire miscast
 84753 | Zot:4    | Reached skill level 12 in Charms
 84953 | Zot:4    | Noticed an ancient lich
 84954 | Zot:4    | XOM: enchant monster (good)
 84974 | Zot:4    | Killed an ancient lich
 84985 | Zot:4    | XOM: divination: detect items
 84986 | Zot:4    | XOM: divine lightning
 84988 | Zot:4    | XOM: fake destruction
 84995 | Zot:4    | XOM: cleaving
 85111 | Zot:4    | XOM: cleaving
 85124 | Zot:4    | Reached skill level 13 in Charms
 85144 | Zot:4    | Noticed an orb of fire
 85155 | Zot:4    | Killed an orb of fire
 85251 | Zot:5    | Entered Level 5 of the Realm of Zot
 85279 | Zot:5    | XOM: divination: detect creatures
 85632 | Zot:5    | XOM: cast spell 'Summon Ice Beast'
 85637 | Zot:5    | XOM: medium Chrm miscast
 85654 | Zot:5    | XOM: summons friendly crimson imp
 85673 | Zot:5    | Reached skill level 2 in Hexes
 85823 | Zot:5    | XOM: mild Air miscast
 85824 | Zot:5    | Reached skill level 3 in Hexes
 85828 | Zot:5    | XOM: swap monsters
 85833 | Zot:5    | XOM: enchant monster (bad)
 85836 | Zot:5    | XOM: confuse monster(s)
 85837 | Zot:5    | Reached skill level 4 in Hexes
 85844 | Zot:5    | XOM: potion effect (invisibility)
 85861 | Zot:5    | Reached skill level 5 in Hexes
 85864 | Zot:5    | Noticed an ancient lich
 85872 | Zot:5    | Noticed an ancient lich
 85882 | Zot:5    | Killed an ancient lich
 85882 | Zot:5    | Reached skill level 6 in Hexes
 85893 | Zot:5    | Killed an ancient lich
 85904 | Zot:5    | Noticed an orb of fire
 85917 | Zot:5    | Reached skill level 7 in Hexes
 85927 | Zot:5    | Noticed an orb of fire
 85927 | Zot:5    | Noticed an orb of fire
 85944 | Zot:5    | :welp
 85952 | Zot:5    | Slain by an Orb Guardian

Vault maps used:
D:1:      erik_arrival_cave_to_civilisation
D:2:      overflow_temple_1_default, first_bread
D:3:      hangedman_ru_absence, uniq_grinder
D:4:      serial_shops, shop, kennysheep_mini, minmay_misc_feat_ornament
D:5:      nicolae_gozag_cash_rules_everything_around_me, serial_corexii_hall,
          corexii_hall_statues_u, corexii_hall_statues_s, minmay_misc_feat_x,
          minmay_ruined_shrine
D:6:      grunt_ministairs_6
D:7:      nicolae_overflow_crystal_walls
D:8:      kennysheep_little_box, blue_anna_alchemist
D:9:      lemuel_doored_altar, due_lair_maze_entry_diamond, orc_david_3
D:10:     dk_noncrumbling_3, uniq_urug
D:11:     fedhas_altar_fruit_tree
D:12:     four-leaf_vault, hex_large
D:14:     lightli_vaults_fourway_checkpoint, enter_trove_0, lemuel_statue_altar,
          hive_lemuel
D:15:     grunt_enter_depths_giant_problem, hex_intersection
Lair:1:   uniq_sonja, uniq_grum
Lair:2:   beast_lair_carwin_5, lemuel_fruit_fields, uniq_erica
Lair:3:   guppyfry_snake_entry_island, grunt_megastairs_3
Lair:4:   minmay_shoals_entry_beasts, uniq_rupert, uniq_nergalle
Lair:5:   nicolae_slime_entry_slimehenge, nicolae_volcano_entry_vermiform,
          uniq_nessos, uniq_josephine
Lair:6:   minmay_lair_end_frog_pond, minmay_lair_oklob_chamber,
          infiniplex_staircase_pool_2
Shoals:2: nicolae_shoals_cliffside_cave, nicolae_shoals_undead_eyrie
Shoals:3: cheibrodos_shoals_roost, uniq_polyphemus, uniq_donald
Shoals:4: shoals_end_grunt_ice, shoals_ilsuiw_alternative,
          nicolae_shoals_isolated_beach
Snake:1:  serial_shops, statue_bzr, nicolae_snake_squiggles,
          serial_bayou_pond_e, serial_bayou_lagoon_a, lemuel_fruit_tree,
          minmay_shop_star, serial_bayou_shore_b, serial_bayou_shore_b
Snake:2:  st_stairs_8
Snake:3:  portal_ice_cave_entry_horrid_things, grunt_megastairs_2, uniq_azrael,
          uniq_asterion
Snake:4:  snake_hunt, serial_shops, shop, st_stairs_11
Slime:2:  nicolae_slime_welcoming_committee
Slime:5:  uniq_dissolution
Orc:2:    st_orc_pillars, uniq_maurice
Elf:1:    serial_shops, shop, serial_glass, glass_columns_c, glass_columns_a,
          feat_on_display, minmay_strange_pillars, minmay_strange_pillars,
          feat_on_display, hangedman_elf_disciples, spider_trap,
          grunt_ministairs_12, minmay_elf_demonology
Elf:2:    serial_shops, shop, minivault_27
Elf:3:    minmay_elf_hall_furrowed, serial_shops, shop, minmay_shop_grove
Vaults:1: ontoclasm_vaults_misaligned, nicolae_vaults_quartermaster,
          hangedman_vaults_stagger, hangedman_vaults_capsules, vaults_mumra_hex,
          vaults_room_grunt_arrival_ludios, v_misc_10, hangedman_vaults_cutoff,
          nicolae_vaults_big_angled_halls, vaults_mumra_lcd,
          vaults_room_fancy_cross, nicolae_vaults_circle_grid_b
Vaults:2: nicolae_vaults_what_the_h, minmay_crypt_entry_simple_statues,
          v_misc_5, v_misc_13, v_misc_2, hangedman_vaults_river_flow
Vaults:3: nicolae_vaults_network_s, dpeg_vaults_monster_row, v_misc_1,
          vaults_room_semicircle, special_room_vaults, vaults_dpeg_spiral,
          ontoclasm_vaults_gateway, vaults_dpeg_hooks
Vaults:4: nicolae_vaults_gold_heap, vaults_room_boxed, v_misc_13,
          ontoclasm_vaults_ligature, nicolae_vaults_triangles,
          nicolae_vaults_rhombus_6, v_misc_3, v_misc_4, vaults_mumra_chevron,
          nicolae_vaults_an_arrangement
Vaults:5: serial_shops, uniq_mennas
Depths:1: enter_ziggurat_a, nicolae_wwwww, hellmouth_3, pan_entry,
          hangedman_abyss_or_decor_clamps, kennysheep_small_circle, uniq_sojobo
Depths:2: minmay_four_inscribed_fans, hell_entry, rand_demon_pan_entry_7,
          serial_bayou_shore_b, special_room, uniq_nikola
Depths:3: minmay_outward_triangles, minmay_room_of_horrors, serial_shops,
          nicolae_shop_overgrown_old_shop, nicolae_shop_statue_plus,
          nicolae_shop_crystal, hangedman_decor_push, pan_entry, hell_entry,
          minmay_staircase_windowed_small, serial_bayou_shore_a,
          kennysheep_random_hallway, uniq_jory
Depths:4: grunt_arcs, corexii_hall_statues_deadend, pf_dread_powers_of_hell,
          abyss_entry, stair_cage_line, minivault_1, st_stairs_5,
          infiniplex_staircase_zigzag_1, uniq_margery
Depths:5: grunt_zot_entry_tricorne, mu_enter_wizlab_4, serial_shops,
          nicolae_shop_stone, minmay_misc_feat_doors, abyss_entry, hell_entry,
          minmay_misc_feat_room, spider_trap, uniq_boris
Zot:3:    circus_mu
Zot:4:    hangedman_zot_decor_checkerboard, hangedman_player_shredder
Abyss:5:  hangedman_stitches_earthworm, due_evilmike_abyss_rune_seething_liches,
          hangedman_abyss_or_decor_jellyfish_corner
Bazaar:   dpeg_bazaar_wands
Trove:    trove_library
IceCv:    ice_cave_caverns_02
Volcano:  volcano_village
WizLab:   wizlab_wucad

Skill      XL: |  1  2  3  4  5  6  7  8  9 10 11 12 13 14 15 16 17 18 19 20 21 22 23 24 25 26 27 |
---------------+----------------------------------------------------------------------------------+-----
Unarmed Combat | 3 4 5 6 |  6.1
Fighting       | 4 6 9 11 12 15 17 20 | 20.0
Maces & Flails | 2 6 8 9 12 14 15 | 15.0
Shields        | 3 9 10 11 16 17 18 | 18.4
Armour         | 3 9 13 14 | 14.2
Dodging        | 1 9 11 13 17 | 17.2
Evocations     | 4 |  4.0
Axes           | 7 13 16 19 | 19.0
Charms         | 8 11 13 | 13.8
Air Magic      | 3 10 | 10.0
Spellcasting   | 7 |  7.0
Translocations | 12 | 12.0
Hexes          | 7 |  7.1

Action                   |  1- 3 |  4- 6 |  7- 9 | 10-12 | 13-15 | 16-18 | 19-21 | 22-24 | 25-27 || total
-------------------------+-------+-------+-------+-------+-------+-------+-------+-------+-------++-------
Melee: Unarmed           |   136 |   111 |    14 |       |       |     4 |       |       |       ||   265
       Punch             |     1 |     2 |     5 |       |       |       |       |       |       ||     8
       Whip              |       |       |   237 |   701 |  2389 |   196 |       |       |       ||  3523
       Scimitar          |       |       |       |     1 |       |       |       |       |       ||     1
       Morningstar       |       |       |       |       |       |  1958 |   401 |       |       ||  2359
       Flail             |       |       |       |       |       |     7 |       |       |       ||     7
       Broad axe         |       |       |       |       |       |       |  1794 |  2129 |  1981 ||  5904
       Battleaxe         |       |       |       |       |       |       |    45 |       |       ||    45
 Fire: Hunting sling     |     7 |    19 |    21 |     4 |       |       |       |       |       ||    51
       Blowgun           |       |       |       |     4 |    20 |    14 |     2 |       |       ||    40
Throw: Stone             |       |     2 |     1 |       |       |       |       |       |       ||     3
       Throwing net      |       |       |       |     2 |       |     2 |     1 |     6 |     4 ||    15
       Javelin           |       |       |       |       |     8 |     7 |       |       |       ||    15
 Cast: Repel Missiles    |       |       |       |       |       |       |       |       |     3 ||     3
 Abil: Evoke Flight      |       |       |       |       |     3 |     1 |       |       |       ||     4
       Stop Flying       |       |       |       |       |     2 |       |       |       |       ||     2
Evoke: Wand              |       |     3 |    15 |    23 |    15 |    14 |     8 |    16 |     7 ||   101
       Fan of gales      |       |       |       |       |     2 |     1 |       |       |     1 ||     4
       Lamp of fire      |       |       |       |       |     1 |     2 |     1 |       |       ||     4
       Phantom mirror    |       |       |       |       |       |       |       |       |     1 ||     1
  Use: Scroll            |     4 |     4 |     6 |    19 |    16 |    18 |    23 |    27 |    36 ||   153
 Stab: Sleeping          |     1 |       |     1 |       |       |       |       |       |     1 ||     3
       Confused          |       |     3 |     1 |     7 |     5 |     9 |    14 |    11 |     5 ||    55
       Petrified         |       |       |     3 |       |     6 |    10 |     1 |       |     5 ||    25
       Distracted        |       |       |     2 |     1 |       |     1 |     4 |     3 |     3 ||    14
       Held in net/web   |       |       |       |     1 |       |     3 |       |     8 |       ||    12
       Paralysed         |       |       |       |       |       |     6 |     1 |       |       ||     7
       Invisible         |       |       |       |       |       |     9 |       |       |     4 ||    13
       Betrayed ally     |       |       |       |       |       |     1 |       |       |       ||     1
       Petrifying        |       |       |       |       |       |     2 |       |       |       ||     2
       Fleeing           |       |       |       |       |       |       |       |       |     1 ||     1
Armor: Leather armour    |    50 |    28 |    71 |   161 |       |       |       |       |       ||   310
       Scale mail        |       |       |       |    40 |   303 |       |       |       |       ||   343
       Plate armour      |       |       |       |       |   403 |    11 |       |       |       ||   414
       Chain mail        |       |       |       |       |       |   984 |   543 |       |       ||  1527
       Fire dragon scale |       |       |       |       |       |       |   367 |   679 |   523 ||  1569
Dodge: Dodged            |    65 |    51 |    86 |   149 |   353 |   585 |  1007 |   916 |   901 ||  4113
       Deflected         |       |       |       |       |       |       |       |       |     5 ||     5
Block: Shield            |       |       |    18 |   189 |   830 |  1216 |  1549 |  1405 |   738 ||  5945
       Reflection        |       |       |       |       |       |    26 |    22 |       |       ||    48
       Large shield      |       |       |       |       |       |       |       |       |   900 ||   900

Table legend:
 A = Turns spent in this place as a percentage of turns spent in the entire game.
 B = Non-inter-level travel turns spent in this place as a percentage of non-inter-level travel turns spent in the entire game.
 C = Inter-level travel turns spent in this place as a percentage of turns spent in this place.
 D = Turns resting spent in this place as a percentage of non-inter-level travel turns spent in this place.
 E = Turns spent auto-exploring this place as a percentage of non-inter-level travel turns spent in this place.
 F = Non-inter-level travel turns spent in this place divided by the number of levels of this place that you've seen.
                   A       B       C       D       E      F
               +-------+-------+-------+-------+-------+----------------------
         Total | 100.0 | 100.0 |   0.5 |   2.5 |   3.8 | 631.1
       Dungeon |  17.0 |  17.0 |   0.7 |   2.5 |   6.6 | 427.9
          Lair |   9.7 |   9.6 |   1.1 |   4.4 |   4.1 | 607.5
        Shoals |   8.8 |   8.8 |   0.4 |   1.5 |   3.3 | 829.8
     Snake Pit |   9.6 |   9.5 |   0.6 |   3.0 |   3.2 | 903.5
    Slime Pits |   3.9 |   3.9 |   0.0 |   2.3 |   0.1 | 298.0
  Orcish Mines |   5.0 |   5.0 |   0.3 |   3.9 |   2.1 | 954.0
   Elven Halls |   5.4 |   5.5 |   0.4 |   1.4 |   7.9 | 688.0
        Vaults |  16.1 |  16.1 |   0.3 |   2.4 |   3.1 | 1220.0
        Depths |  13.8 |  13.8 |   0.3 |   2.1 |   2.3 | 1046.4
           Zot |   6.4 |   6.4 |   0.4 |   2.0 |   4.7 | 484.6
         Abyss |   0.7 |   0.7 |   0.0 |   0.0 |   0.0 | 265.0
        Bazaar |   0.4 |   0.4 |   0.0 |   0.0 |   2.1 | 141.0
         Trove |   0.2 |   0.2 |   0.0 |   0.0 |   0.0 |  78.0
      Ice Cave |   2.2 |   2.2 |   0.0 |   3.4 |   0.1 | 851.0
       Volcano |   0.3 |   0.3 |   0.0 |   4.0 |   0.0 | 101.0
        Wizlab |   0.6 |   0.6 |   0.0 |   0.9 |   0.9 | 216.0
               +-------+-------+-------+-------+-------+----------------------

Table legend:
 A = Kills in this place as a percentage of kills in entire the game.
 B = Kills by you in this place as a percentage of kills by you in the entire game.
 C = Kills by friends in this place as a percentage of kills by friends in the entire game.
 D = Other kills in this place as a percentage of other kills in the entire game.
 E = Experience gained in this place as a percentage of experience gained in the entire game.
 F = Experience gained in this place divided by the number of levels of this place that you have seen.
                   A       B       C       D       E      F
               +-------+-------+-------+-------+-------+----------------------
         Total | 100.0 | 100.0 | 100.0 | 100.0 | 100.0 | 29956.4
       Dungeon |  16.1 |  16.2 |  13.2 |   9.4 |   3.5 | 4210.9
          Lair |   7.8 |   7.9 |   2.6 |   3.1 |   3.2 | 9469.2
        Shoals |   7.1 |   6.9 |  23.7 |   9.4 |   5.9 | 26437.2
     Snake Pit |   8.1 |   8.0 |  18.4 |   0.0 |   7.5 | 33509.0
    Slime Pits |   4.6 |   4.7 |   2.6 |   0.0 |   5.8 | 20682.2
  Orcish Mines |   5.7 |   5.7 |   7.9 |   0.0 |   1.4 | 12757.0
   Elven Halls |   5.5 |   5.5 |   0.0 |   9.4 |   7.1 | 42582.0
        Vaults |  18.9 |  18.8 |  10.5 |  34.4 |  21.7 | 78083.2
        Depths |  14.9 |  14.9 |   5.3 |  21.9 |  22.6 | 81357.6
           Zot |   7.8 |   7.7 |  15.8 |   9.4 |  19.5 | 69966.2
         Abyss |   1.3 |   1.3 |   0.0 |   3.1 |   1.2 | 22232.0
      Ice Cave |   2.1 |   2.2 |   0.0 |   0.0 |   0.5 | 9416.0
       Volcano |   0.1 |   0.1 |   0.0 |   0.0 |   0.1 | 1176.0
        Wizlab |   0.0 |   0.0 |   0.0 |   0.0 |   0.1 | 1093.0
               +-------+-------+-------+-------+-------+----------------------
